Workbook

Sheet LEO MAZARO
B2: LEO MAZARO
B4: FORMULARIO DE CANTIDADES Y PRESUPUESTO DE OBRA
B5: ÍTEM | C5: DESCRIPCIÓN | D5: UNIDAD | E5: CANTIDAD | F5: VR UNITARIO | G5: VR PARCIAL
B6: 1 | C6: EXCAVACION | G6: =SUM(G7:G8) -> 1036342
B7: 1.01 | C7: Excavación en tierra seca h= 0-2 m | D7: m3 | E7: ='G_Obra '!J8 -> 5.03 | F7: ='Costos_Directos '!E18 -> 38905 | G7: =ROUND(E7*F7, 0) -> 195692
B8: 1.02 | C8: Nivelación terreno con material del sitio | D8: m2 | E8: ='G_Obra '!J15 -> 170 | F8: ='Costos_Directos '!E30 -> 4945 | G8: =ROUND(E8*F8, 0) -> 840650
B10: 2 | C10: ESTRUCTURAS EN CONCRETO | G10: =SUM(G11:G12) -> 5529380
B11: 2.01 | C11: Banca en concreto prefabricada | D11: Un | E11: 3 | F11: ='Costos_Directos '!E48 -> 1826800 | G11: =ROUND(E11*F11, 0) -> 5480400
B12: 2.02 | C12: Desmonte y retiro de llantas | D12: Un | E12: ='G_Obra '!J29 -> 5 | F12: ='Costos_Directos '!E62 -> 9796 | G12: =ROUND(E12*F12, 0) -> 48980
B14: 3 | C14: JARDINERAS EN ADOBE REVOCADO Y PINTURA | G14: =SUM(G15:G19) -> 7362212
B15: 3.01 | C15: Muro en ladrillo rayado e= 10 cm | D15: m2 | E15: 56 | F15: ='Costos_Directos '!E85 -> 70691 | G15: =ROUND(E15*F15, 0) -> 3958696
B16: 3.02 | C16: Pañete muro exterior (incl. filos y dilataciones) | D16: m2 | E16: 28 | F16: ='Costos_Directos '!E104 -> 39573 | G16: =ROUND(E16*F16, 0) -> 1108044
B17: 3.03 | C17: Pintura exterior en Koraza | D17: m2 | E17: 29.2 | F17: ='Costos_Directos '!E126 -> 36660 | G17: =ROUND(E17*F17, 0) -> 1070472
B18: 3.04 | C18: sumnistro y siembra de flores | D18: Un | E18: 100 | F18: ='Costos_Directos '!E146 -> 7500 | G18: =ROUND(E18*F18, 0) -> 750000
B19: 3.05 | C19: sumnistro y siembra de guayacan 1,50 | D19: Un | E19: ='G_Obra '!J69 -> 5 | F19: ='Costos_Directos '!E166 -> 95000 | G19: =ROUND(E19*F19, 0) -> 475000
B21: 4 | C21: URBANISMO Y ZONAS VERDES | G21: =SUM(G22:G26) -> 21113226
B22: 4.01 | C22: Basurero para mascotas, incluye bolsas DISPE | D22: Un | E22: ='G_Obra '!J76 -> 1 | F22: ='Costos_Directos '!E186 -> 3314042 | G22: =ROUND(E22*F22, 0) -> 3314042
B23: 4.02 | C23: Relleno en triturado de 3/4" | D23: m3 | E23: ='G_Obra '!J83 -> 0.66 | F23: ='Costos_Directos '!E201 -> 144086 | G23: =ROUND(E23*F23, 0) -> 95097
B24: 4.03 | C24: Geotextil no tejido 1600 | D24: m2 | E24: ='G_Obra '!J90 -> 11.06 | F24: ='Costos_Directos '!E219 -> 7943 | G24: =ROUND(E24*F24, 0) -> 87850
B25: 4.04 | C25: Tapete sintetico en fibra artificial de polietileno fibrilado incluye todo lo necesario para su correcta instalacion y funcionamiento | D25: m2 | E25: ='G_Obra '!J97 -> 61.5 | F25: ='Costos_Directos '!E245 -> 254638 | G25: =ROUND(E25*F25, 0) -> 15660237
B26: 4.05 | C26: Pintura para parque infantil | D26: un | E26: ='G_Obra '!J104 -> 1 | F26: ='Costos_Directos '!E266 -> 1956000 | G26: =ROUND(E26*F26, 0) -> 1956000
C28: TOTAL COSTOS DIRECTOS = | G28: =SUM(G6:G27)/2 -> 35041160
C29: ADMINISTRACIÓN (25%) = | G29: =ROUND(G28*25/100, 0) -> 8760290
C30: UTILIDAD (5%) = | G30: =ROUND(G28*5/100, 0) -> 1752058
C31: VALOR TOTAL = | G31: =SUM(G28:G30) -> 45553508
C32: HONORARIOS EMDUCE 5% | G32: =G31*0.05 -> 2277675.4
C33: IVA HONORARIOS | G33: =G32*0.19 -> 432758.33
C34: TOTAL DEL PROYECTO | G34: =G31+G32+G33 -> 48263942

Sheet Costos_Directos 
A3: ANÁLISIS DE PRECIOS UNITARIOS
A4: 1.01 Excavación en tierra seca h= 0-2 m | E4: UNIDAD: m3
A5: DESCRIPCIÓN | B5: UNIDAD | C5: CANT/ REND | D5: PRECIO UNITARIO | E5: VR PARCIAL
A6: MATERIALES:
A7: =Insumos!B16 -> CINTA DE SEÑALIZACIÓN a=7 cm | B7: =Insumos!C16 -> m | C7: 1 | D7: =Insumos!D16 -> 174 | E7: =ROUND(C7*D7, 2) -> 174
A8: POSTE DE SEÑALIZACIÓN EN MADERA PINTADO + MUERTO EN CONCRETO | B8: Un | C8: 0.05 | D8: =Subproductos!E386 -> 22381 | E8: =ROUND(C8*D8, 2) -> 1119.05
A9: ENTIBADO DISCONTINUO EN MADERA | B9: m2 | C9: 0.2 | D9: =Subproductos!E326 -> 19422 | E9: =ROUND(C9*D9, 2) -> 3884.4
D10: Subtotal = | E10: =SUM(E7:E9) -> 5177.45
A11: EQUIPO y HERRAMIENTAS:
A12: CARRETA BUGGIE, PALA, ZAPAPICO | B12: Un | C12: 0.0012 | D12: =Subproductos!E34 -> 408368 | E12: =ROUND(C12*D12, 2) -> 490.04
D13: Subtotal = | E13: =SUM(E12:E12) -> 490.04
A14: MANO de OBRA:
A15: CUADRILLA 1 OF + 2 AY | B15: Día | C15: 0.1204 | D15: =Subproductos!E244 -> 276056 | E15: =ROUND(C15*D15, 2) -> 33237.14
D16: Subtotal = | E16: =SUM(E15:E15) -> 33237.14
D18: VR COSTO DIRECTO = | E18: =ROUND(SUM(E6:E16)/2, 0) -> 38905
A21: 1.02 Nivelación terreno con material del sitio | E21: UNIDAD: m2
A22: DESCRIPCIÓN | B22: UNIDAD | C22: CANT/ REND | D22: PRECIO UNITARIO | E22: VR PARCIAL
A23: EQUIPO y HERRAMIENTAS:
A24: CARRETA BUGGIE, PALA, ZAPAPICO | B24: Un | C24: 0.0003 | D24: =Subproductos!E34 -> 408368 | E24: =ROUND(C24*D24, 2) -> 122.51
D25: Subtotal = | E25: =SUM(E24:E24) -> 122.51
A26: MANO de OBRA:
A27: CUADRILLA 1 OF + 4 AY | B27: Día | C27: 0.011 | D27: =Subproductos!E264 -> 438446 | E27: =ROUND(C27*D27, 2) -> 4822.91
D28: Subtotal = | E28: =SUM(E27:E27) -> 4822.91
D30: VR COSTO DIRECTO = | E30: =ROUND(SUM(E23:E28)/2, 0) -> 4945
A33: 2.01 Banca en concreto prefabricada | E33: UNIDAD: Un
A34: DESCRIPCIÓN | B34: UNIDAD | C34: CANT/ REND | D34: PRECIO UNITARIO | E34: VR PARCIAL
A35: MATERIALES:
A36: =Insumos!B40 -> BANCA EN CONCRETO PREFABRICADA | B36: =Insumos!C40 -> Un | C36: 1 | D36: =Insumos!D40 -> 1775000 | E36: =ROUND(C36*D36, 2) -> 1775000
D37: Subtotal = | E37: =SUM(E36:E36) -> 1775000
A38: EQUIPO y HERRAMIENTAS:
A39: HERRAMIENTA MENOR % | B39: %MO | C39: 2 | D39: =E46 -> 30593.18 | E39: =ROUND(C39*D39/100, 2) -> 611.86
D40: Subtotal = | E40: =SUM(E39:E39) -> 611.86
A41: TRANSPORTES:
A42: =Insumos!B89 -> CAMIÓN PLATAFORMA 10 Ton | B42: =Insumos!C89 -> Hr | C42: 0.2 | D42: =Insumos!D89 -> 102975 | E42: =ROUND(C42*D42, 2) -> 20595
D43: Subtotal = | E43: =SUM(E42:E42) -> 20595
A44: MANO de OBRA:
A45: CUADRILLA 1 OF + 1 AY | B45: Día | C45: 0.157 | D45: =Subproductos!E234 -> 194861 | E45: =ROUND(C45*D45, 2) -> 30593.18
D46: Subtotal = | E46: =SUM(E45:E45) -> 30593.18
D48: VR COSTO DIRECTO = | E48: =ROUND(SUM(E35:E46)/2, 0) -> 1826800
A51: 2.02 Desmonte y retiro de llantas | E51: UNIDAD: Un
A52: DESCRIPCIÓN | B52: UNIDAD | C52: CANT/ REND | D52: PRECIO UNITARIO | E52: VR PARCIAL
A53: EQUIPO y HERRAMIENTAS:
A54: =Insumos!B49 -> BARRA AGRÍCOLA | B54: =Insumos!C49 -> Un | C54: 0.002 | D54: =Insumos!D49 -> 107425 | E54: =ROUND(C54*D54, 2) -> 214.85
A55: =Insumos!B79 -> PALA REDONDA CON CABO | B55: =Insumos!C79 -> Un | C55: 0.0014 | D55: =Insumos!D79 -> 34845 | E55: =ROUND(C55*D55, 2) -> 48.78
D56: Subtotal = | E56: =SUM(E54:E55) -> 263.63
A57: MANO de OBRA:
A58: AYUDANTE (Incl. prestaciones) | B58: Día | C58: 0.05 | D58: =Subproductos!E126 -> 81195 | E58: =ROUND(C58*D58, 2) -> 4059.75
A59: RETIRO DE MATERIAL SOBRANTE CARGUE MANUAL | B59: m3 | C59: 0.1 | D59: =Subproductos!E405 -> 54729 | E59: =ROUND(C59*D59, 2) -> 5472.9
D60: Subtotal = | E60: =SUM(E58:E59) -> 9532.65
D62: VR COSTO DIRECTO = | E62: =ROUND(SUM(E53:E60)/2, 0) -> 9796
A65: 3.01 Muro en ladrillo rayado e= 10 cm | E65: UNIDAD: m2
A66: DESCRIPCIÓN | B66: UNIDAD | C66: CANT/ REND | D66: PRECIO UNITARIO | E66: VR PARCIAL
A67: MATERIALES:
A68: =Insumos!B9 -> BLOQUE CEMENTO 10x20x40 cm | B68: =Insumos!C9 -> Un | C68: 10.3 | D68: =Insumos!D9 -> 3114 | E68: =ROUND(C68*D68, 2) -> 32074.2
A69: =Insumos!B8 -> BLOQUE CEMENTO ½ 10x20x20 cm | B69: =Insumos!C8 -> Un | C69: 2.5 | D69: =Insumos!D8 -> 1867 | E69: =ROUND(C69*D69, 2) -> 4667.5
A70: MORTERO 1:3 | B70: m3 | C70: 0.0103 | D70: =Subproductos!E359 -> 455846 | E70: =ROUND(C70*D70, 2) -> 4695.21
D71: Subtotal = | E71: =SUM(E68:E70) -> 41436.91
A72: EQUIPO y HERRAMIENTAS:
A73: =Insumos!B67 -> KIT ARNÉS PARA ALTURAS | B73: =Insumos!C67 -> Un | C73: 0.0011 | D73: =Insumos!D67 -> 691646 | E73: =ROUND(C73*D73, 2) -> 760.81
A74: ANDAMIO TUBULAR CON TIJERA 1.50x1.50 m | B74: Día | C74: 0.22 | D74: =Subproductos!E12 -> 4827 | E74: =ROUND(C74*D74, 2) -> 1061.94
A75: =Insumos!B50 -> BATEA | B75: =Insumos!C50 -> Un | C75: 0.0011 | D75: =Insumos!D50 -> 27987 | E75: =ROUND(C75*D75, 2) -> 30.79
A76: HERRAMIENTAS PARA ALBAÑIL | B76: Un | C76: 0.0011 | D76: =Subproductos!E53 -> 311128 | E76: =ROUND(C76*D76, 2) -> 342.24
D77: Subtotal = | E77: =SUM(E73:E76) -> 2195.78
A78: TRANSPORTES:
A79: =Insumos!B89 -> CAMIÓN PLATAFORMA 10 Ton | B79: =Insumos!C89 -> Hr | C79: 0.0584 | D79: =Insumos!D89 -> 102975 | E79: =ROUND(C79*D79, 2) -> 6013.74
D80: Subtotal = | E80: =SUM(E79:E79) -> 6013.74
A81: MANO de OBRA:
A82: CUADRILLA 1 OF + 1 AY | B82: Día | C82: 0.108 | D82: =Subproductos!E234 -> 194861 | E82: =ROUND(C82*D82, 2) -> 21044.99
D83: Subtotal = | E83: =SUM(E82:E82) -> 21044.99
D85: VR COSTO DIRECTO = | E85: =ROUND(SUM(E67:E83)/2, 0) -> 70691
A88: 3.02 Pañete muro exterior (incl. filos y dilataciones) | E88: UNIDAD: m2
A89: DESCRIPCIÓN | B89: UNIDAD | C89: CANT/ REND | D89: PRECIO UNITARIO | E89: VR PARCIAL
A90: MATERIALES:
A91: MORTERO 1:3 | B91: m3 | C91: 0.026 | D91: =Subproductos!E359 -> 455846 | E91: =ROUND(C91*D91, 2) -> 11852
D92: Subtotal = | E92: =SUM(E91:E91) -> 11852
A93: EQUIPO y HERRAMIENTAS:
A94: =Insumos!B67 -> KIT ARNÉS PARA ALTURAS | B94: =Insumos!C67 -> Un | C94: 0.0011 | D94: =Insumos!D67 -> 691646 | E94: =ROUND(C94*D94, 2) -> 760.81
A95: =Insumos!B46 -> ANDAMIO COLGANTE 30-60 m de CABLE | B95: =Insumos!C46 -> Día | C95: 0.85 | D95: =Insumos!D46 -> 6165 | E95: =ROUND(C95*D95, 2) -> 5240.25
A96: =Insumos!B58 -> CODAL DE ALUMINIO 3" x 1 1/2" x 3 m | B96: =Insumos!C58 -> Un | C96: 0.0011 | D96: =Insumos!D58 -> 39838 | E96: =ROUND(C96*D96, 2) -> 43.82
A97: =Insumos!B50 -> BATEA | B97: =Insumos!C50 -> Un | C97: 0.0011 | D97: =Insumos!D50 -> 27987 | E97: =ROUND(C97*D97, 2) -> 30.79
A98: =Insumos!B80 -> PALUSTRE | B98: =Insumos!C80 -> Un | C98: 0.0011 | D98: =Insumos!D80 -> 14352 | E98: =ROUND(C98*D98, 2) -> 15.79
D99: Subtotal = | E99: =SUM(E94:E98) -> 6091.46
A100: MANO de OBRA:
A101: CUADRILLA 1 OF + 1 AY | B101: Día | C101: 0.111 | D101: =Subproductos!E234 -> 194861 | E101: =ROUND(C101*D101, 2) -> 21629.57
D102: Subtotal = | E102: =SUM(E101:E101) -> 21629.57
D104: VR COSTO DIRECTO = | E104: =ROUND(SUM(E90:E102)/2, 0) -> 39573
A107: 3.03 Pintura exterior en Koraza | E107: UNIDAD: m2
A108: DESCRIPCIÓN | B108: UNIDAD | C108: CANT/ REND | D108: PRECIO UNITARIO | E108: VR PARCIAL
A109: MATERIALES:
A110: =Insumos!B23 -> IMPRIMANTE ACRONAL | B110: =Insumos!C23 -> Lt | C110: 0.16 | D110: =Insumos!D23 -> 17081 | E110: =ROUND(C110*D110, 2) -> 2732.96
A111: =Insumos!B29 -> PINTURA KORAZA | B111: =Insumos!C29 -> Gal | C111: 0.1 | D111: =Insumos!D29 -> 130247 | E111: =ROUND(C111*D111, 2) -> 13024.7
D112: Subtotal = | E112: =SUM(E110:E111) -> 15757.66
A113: EQUIPO y HERRAMIENTAS:
A114: =Insumos!B64 -> DESTAPA CUÑETES PLÁSTICO | B114: =Insumos!C64 -> Un | C114: 0.0009 | D114: =Insumos!D64 -> 4110 | E114: =ROUND(C114*D114, 2) -> 3.7
A115: ANDAMIO TUBULAR CON TIJERA 1.50x1.50 m | B115: Día | C115: 0.3 | D115: =Subproductos!E12 -> 4827 | E115: =ROUND(C115*D115, 2) -> 1448.1
A116: =Insumos!B85 -> RUEDA GIRATORIA PARA ANDAMIO | B116: =Insumos!C85 -> Día | C116: 0.3 | D116: =Insumos!D85 -> 2056 | E116: =ROUND(C116*D116, 2) -> 616.8
A117: HERRAMIENTAS PARA PINTOR | B117: Un | C117: 0.0009 | D117: =Subproductos!E69 -> 180736 | E117: =ROUND(C117*D117, 2) -> 162.66
D118: Subtotal = | E118: =SUM(E114:E117) -> 2231.26
A119: TRANSPORTES:
A120: =Insumos!B90 -> CAMIONETA | B120: =Insumos!C90 -> Hr | C120: 0.02 | D120: =Insumos!D90 -> 37219 | E120: =ROUND(C120*D120, 2) -> 744.38
...

Sheet Subproductos
A3: ANÁLISIS DE PRECIOS UNITARIOS - SUBPRODUCTOS
A4: ANDAMIO TUBULAR CON TIJERA 1.50x1.50 m | E4: UNIDAD: Día
A5: DESCRIPCIÓN | B5: UNIDAD | C5: CANT/ REND | D5: PRECIO UNITARIO | E5: VR PARCIAL
A6: EQUIPO y HERRAMIENTAS:
A7: =Insumos!B73 -> MARCO ANDAMIO DE TIJERA 1.50x1.50 m | B7: =Insumos!C73 -> Día | C7: 2 | D7: =Insumos!D73 -> 657 | E7: =ROUND(C7*D7, 2) -> 1314
A8: =Insumos!B87 -> TIJERA DE ANDAMIO | B8: =Insumos!C87 -> Día | C8: 2 | D8: =Insumos!D87 -> 175 | E8: =ROUND(C8*D8, 2) -> 350
A9: =Insumos!B82 -> PLATAFORMA METÁLICA PARA ANDAMIO | B9: =Insumos!C82 -> Día | C9: 1 | D9: =Insumos!D82 -> 3163 | E9: =ROUND(C9*D9, 2) -> 3163
D10: Subtotal = | E10: =SUM(E7:E9) -> 4827
D12: VR UNITARIO = | E12: =ROUND(SUM(E6:E10)/2, 0) -> 4827
A15: CARRETA BUGGIE, PALA, BALDES | E15: UNIDAD: Un
A16: DESCRIPCIÓN | B16: UNIDAD | C16: CANT/ REND | D16: PRECIO UNITARIO | E16: VR PARCIAL
A17: EQUIPO y HERRAMIENTAS:
A18: =Insumos!B55 -> CARRETA LLANTA NEUMÁTICA | B18: =Insumos!C55 -> Un | C18: 1 | D18: =Insumos!D55 -> 313308 | E18: =ROUND(C18*D18, 2) -> 313308
A19: =Insumos!B79 -> PALA REDONDA CON CABO | B19: =Insumos!C79 -> Un | C19: 1 | D19: =Insumos!D79 -> 34845 | E19: =ROUND(C19*D19, 2) -> 34845
A20: =Insumos!B47 -> BALDE CONSTRUCCIÓN | B20: =Insumos!C47 -> Un | C20: 2 | D20: =Insumos!D47 -> 6265 | E20: =ROUND(C20*D20, 2) -> 12530
D21: Subtotal = | E21: =SUM(E18:E20) -> 360683
D23: VR UNITARIO = | E23: =ROUND(SUM(E17:E21)/2, 0) -> 360683
A26: CARRETA BUGGIE, PALA, ZAPAPICO | E26: UNIDAD: Un
A27: DESCRIPCIÓN | B27: UNIDAD | C27: CANT/ REND | D27: PRECIO UNITARIO | E27: VR PARCIAL
A28: EQUIPO y HERRAMIENTAS:
A29: =Insumos!B55 -> CARRETA LLANTA NEUMÁTICA | B29: =Insumos!C55 -> Un | C29: 1 | D29: =Insumos!D55 -> 313308 | E29: =ROUND(C29*D29, 2) -> 313308
A30: =Insumos!B79 -> PALA REDONDA CON CABO | B30: =Insumos!C79 -> Un | C30: 1 | D30: =Insumos!D79 -> 34845 | E30: =ROUND(C30*D30, 2) -> 34845
A31: =Insumos!B88 -> ZAPAPICO | B31: =Insumos!C88 -> Un | C31: 1 | D31: =Insumos!D88 -> 60215 | E31: =ROUND(C31*D31, 2) -> 60215
D32: Subtotal = | E32: =SUM(E29:E31) -> 408368
D34: VR UNITARIO = | E34: =ROUND(SUM(E28:E32)/2, 0) -> 408368
A37: HERRAMIENTAS PARA ALBAÑIL | E37: UNIDAD: Un
A38: DESCRIPCIÓN | B38: UNIDAD | C38: CANT/ REND | D38: PRECIO UNITARIO | E38: VR PARCIAL
A39: EQUIPO y HERRAMIENTAS:
A40: =Insumos!B45 -> ALMADANA 4 lb | B40: =Insumos!C45 -> Un | C40: 1 | D40: =Insumos!D45 -> 49789 | E40: =ROUND(C40*D40, 2) -> 49789
A41: =Insumos!B56 -> CINCEL 3/4" ACERO TEMPLADO | B41: =Insumos!C56 -> Un | C41: 1 | D41: =Insumos!D56 -> 30778 | E41: =ROUND(C41*D41, 2) -> 30778
A42: =Insumos!B80 -> PALUSTRE | B42: =Insumos!C80 -> Un | C42: 1 | D42: =Insumos!D80 -> 14352 | E42: =ROUND(C42*D42, 2) -> 14352
A43: =Insumos!B57 -> CINTA MÉTRICA x 5 m | B43: =Insumos!C57 -> Un | C43: 1 | D43: =Insumos!D57 -> 19547 | E43: =ROUND(C43*D43, 2) -> 19547
A44: =Insumos!B77 -> NIVEL DE BURBUJA | B44: =Insumos!C77 -> Un | C44: 1 | D44: =Insumos!D77 -> 45275 | E44: =ROUND(C44*D44, 2) -> 45275
A45: =Insumos!B70 -> MANGUERA DE NIVEL x 10 m | B45: =Insumos!C70 -> Un | C45: 1 | D45: =Insumos!D70 -> 5037 | E45: =ROUND(C45*D45, 2) -> 5037
A46: =Insumos!B83 -> PLOMADA | B46: =Insumos!C83 -> Un | C46: 1 | D46: =Insumos!D83 -> 19048 | E46: =ROUND(C46*D46, 2) -> 19048
A47: =Insumos!B74 -> MARCO SEGUETA FIJO | B47: =Insumos!C74 -> Un | C47: 1 | D47: =Insumos!D74 -> 30470 | E47: =ROUND(C47*D47, 2) -> 30470
A48: =Insumos!B86 -> SERRUCHO | B48: =Insumos!C86 -> Un | C48: 1 | D48: =Insumos!D86 -> 38288 | E48: =ROUND(C48*D48, 2) -> 38288
A49: =Insumos!B75 -> MARTILLO | B49: =Insumos!C75 -> Un | C49: 1 | D49: =Insumos!D75 -> 35658 | E49: =ROUND(C49*D49, 2) -> 35658
A50: =Insumos!B68 -> LIMA PLANA PARA USO GENERAL CON MANGO 8" | B50: =Insumos!C68 -> Un | C50: 1 | D50: =Insumos!D68 -> 22886 | E50: =ROUND(C50*D50, 2) -> 22886
D51: Subtotal = | E51: =SUM(E40:E50) -> 311128
D53: VR UNITARIO = | E53: =ROUND(SUM(E39:E51)/2, 0) -> 311128
A56: HERRAMIENTAS PARA PINTOR | E56: UNIDAD: Un
A57: DESCRIPCIÓN | B57: UNIDAD | C57: CANT/ REND | D57: PRECIO UNITARIO | E57: VR PARCIAL
A58: EQUIPO y HERRAMIENTAS:
A59: =Insumos!B65 -> ESPÁTULA DE METAL 4" | B59: =Insumos!C65 -> Un | C59: 1 | D59: =Insumos!D65 -> 21346 | E59: =ROUND(C59*D59, 2) -> 21346
A60: =Insumos!B69 -> LLANA METÁLICA LISA MANGO MADERA 11" x 5 " | B60: =Insumos!C69 -> Un | C60: 1 | D60: =Insumos!D69 -> 27943 | E60: =ROUND(C60*D60, 2) -> 27943
A61: =Insumos!B48 -> BANDEJA PLÁSTICA PARA PINTURA | B61: =Insumos!C48 -> Un | C61: 1 | D61: =Insumos!D48 -> 12961 | E61: =ROUND(C61*D61, 2) -> 12961
A62: =Insumos!B52 -> BROCHA 2" | B62: =Insumos!C52 -> Un | C62: 1 | D62: =Insumos!D52 -> 8049 | E62: =ROUND(C62*D62, 2) -> 8049
A63: =Insumos!B53 -> BROCHA 4" | B63: =Insumos!C53 -> Un | C63: 1 | D63: =Insumos!D53 -> 16529 | E63: =ROUND(C63*D63, 2) -> 16529
A64: =Insumos!B84 -> RODILLO FELPA PARA PINTURA | B64: =Insumos!C84 -> Un | C64: 1 | D64: =Insumos!D84 -> 15028 | E64: =ROUND(C64*D64, 2) -> 15028
A65: =Insumos!B44 -> ALARGADOR RODILLO PINTURA | B65: =Insumos!C44 -> Un | C65: 1 | D65: =Insumos!D44 -> 59333 | E65: =ROUND(C65*D65, 2) -> 59333
A66: =Insumos!B57 -> CINTA MÉTRICA x 5 m | B66: =Insumos!C57 -> Un | C66: 1 | D66: =Insumos!D57 -> 19547 | E66: =ROUND(C66*D66, 2) -> 19547
D67: Subtotal = | E67: =SUM(E59:E66) -> 180736
D69: VR UNITARIO = | E69: =ROUND(SUM(E58:E67)/2, 0) -> 180736
A72: DOTACIÓN LABORAL | E72: UNIDAD: Un
A73: DESCRIPCIÓN | B73: UNIDAD | C73: CANT/ REND | D73: PRECIO UNITARIO | E73: VR PARCIAL
A74: VESTIDO:
A75: =Insumos!B27 -> PANTALÓN DE TRABAJO | B75: =Insumos!C27 -> Un | C75: 1 | D75: =Insumos!D27 -> 54013 | E75: =ROUND(C75*D75, 2) -> 54013
A76: =Insumos!B12 -> CAMISA DE TRABAJO | B76: =Insumos!C12 -> Un | C76: 1 | D76: =Insumos!D12 -> 23485 | E76: =ROUND(C76*D76, 2) -> 23485
D77: Subtotal = | E77: =SUM(E75:E76) -> 77498
A78: ZAPATOS:
A79: =Insumos!B11 -> BOTAS DE SEGURIDAD | B79: =Insumos!C11 -> Par | C79: 1 | D79: =Insumos!D11 -> 95658 | E79: =ROUND(C79*D79, 2) -> 95658
D80: Subtotal = | E80: =SUM(E79:E79) -> 95658
D82: VR UNITARIO = | E82: =ROUND(SUM(E74:E80)/2, 0) -> 173156
A85: SEGURIDAD INDUSTRIAL | E85: UNIDAD: Un
A86: DESCRIPCIÓN | B86: UNIDAD | C86: CANT/ REND | D86: PRECIO UNITARIO | E86: VR PARCIAL
A87: ELEMENTOS DE PROTECCIÓN PERSONAL (EPP):
A88: =Insumos!B15 -> CHALECO REFLECTIVO | B88: =Insumos!C15 -> Un | C88: 1 | D88: =Insumos!D15 -> 30353 | E88: =ROUND(C88*D88, 2) -> 30353
A89: =Insumos!B13 -> CASCO DE SEGURIDAD | B89: =Insumos!C13 -> Un | C89: 1 | D89: =Insumos!D13 -> 36743 | E89: =ROUND(C89*D89, 2) -> 36743
A90: =Insumos!B33 -> TAPABOCAS | B90: =Insumos!C33 -> Un | C90: 1 | D90: =Insumos!D33 -> 380 | E90: =ROUND(C90*D90, 2) -> 380
A91: =Insumos!B34 -> TAPÓN PARA OIDO | B91: =Insumos!C34 -> Un | C91: 1 | D91: =Insumos!D34 -> 2279 | E91: =ROUND(C91*D91, 2) -> 2279
A92: =Insumos!B18 -> GAFAS DE SEGURIDAD | B92: =Insumos!C18 -> Un | C92: 1 | D92: =Insumos!D18 -> 7439 | E92: =ROUND(C92*D92, 2) -> 7439
A93: =Insumos!B22 -> GUANTES VAQUETA | B93: =Insumos!C22 -> Par | C93: 1 | D93: =Insumos!D22 -> 11772 | E93: =ROUND(C93*D93, 2) -> 11772
D94: Subtotal = | E94: =SUM(E88:E93) -> 88966
D96: VR UNITARIO = | E96: =ROUND(SUM(E87:E94)/2, 0) -> 88966
A99: AYUDANTE (Incl. prestaciones) | E99: UNIDAD: Día
A100: DESCRIPCIÓN | B100: UNIDAD | C100: CANT/ REND | D100: PRECIO UNITARIO | E100: VR PARCIAL
A101: =Insumos!B93 -> AYUDANTE | B101: =Insumos!C93 -> Mes | C101: 0.033333 | D101: =Insumos!D93 -> 1300000 | E101: =ROUND(C101*D101, 2) -> 43332.9
A102: =Insumos!B92 -> AUXILIO DE TRANSPORTE | B102: =Insumos!C92 -> Mes | C102: 0.033333 | D102: =Insumos!D92 -> 162000 | E102: =ROUND(C102*D102, 2) -> 5399.95
D103: Subtotal = | E103: =SUM(E101:E102) -> 48732.85
A104: SEGURIDAD SOCIAL:
A105: SALUD | B105: %S | C105: 12.5 | D105: =E101 -> 43332.9 | E105: =ROUND(C105*D105/100, 2) -> 5416.61
A106: PENSIÓN | B106: %S | C106: 16 | D106: =E101 -> 43332.9 | E106: =ROUND(C106*D106/100, 2) -> 6933.26
A107: RIESGOS PROFESIONALES | B107: %S | C107: 6.96 | D107: =E101 -> 43332.9 | E107: =ROUND(C107*D107/100, 2) -> 3015.97
D108: Subtotal = | E108: =SUM(E105:E107) -> 15365.84
A109: PRESTACIONES SOCIALES:
A110: CESANTÍAS | B110: % | C110: 8.3333 | D110: =E101+E102 -> 48732.85 | E110: =ROUND(C110*D110/100, 2) -> 4061.05
A111: INTERESES DE CESANTÍAS | B111: % | C111: 0.0333 | D111: =E110 -> 4061.05 | E111: =ROUND(C111*D111/100, 2) -> 1.35
A112: VACACIONES | B112: % | C112: 4.1667 | D112: =E101 -> 43332.9 | E112: =ROUND(C112*D112/100, 2) -> 1805.55
A113: PRIMA LEGAL | B113: % | C113: 8.3333 | D113: =E101+E102 -> 48732.85 | E113: =ROUND(C113*D113/100, 2) -> 4061.05
D114: Subtotal = | E114: =SUM(E110:E113) -> 9929
A115: APORTES PARAFISCALES:
A116: CAJA DE COMPENSACIÓN FAMILIAR | B116: %S | C116: 4 | D116: =E101 -> 43332.9 | E116: =ROUND(C116*D116/100, 2) -> 1733.32
A117: ICBF | B117: %S | C117: 3 | D117: =E101 -> 43332.9 | E117: =ROUND(C117*D117/100, 2) -> 1299.99
A118: SENA | B118: %S | C118: 2 | D118: =E101 -> 43332.9 | E118: =ROUND(C118*D118/100, 2) -> 866.66
A119: FIC (Fondo Nacional de Formación Profesional de la Industria de la Construcción) | B119: %S | C119: 2.5 | D119: =E101 -> 43332.9 | E119: =ROUND(C119*D119/100, 2) -> 1083.32
D120: Subtotal = | E120: =SUM(E116:E119) -> 4983.29
A121: OTROS:
A122: DOTACIÓN LABORAL | B122: Un | C122: 0.008333 | D122: =E82 -> 173156 | E122: =ROUND(C122*D122, 2) -> 1442.91
A123: SEGURIDAD INDUSTRIAL | B123: Un | C123: 0.008333 | D123: =E96 -> 88966 | E123: =ROUND(C123*D123, 2) -> 741.35
...

Sheet Insumos
A3: MATERIALES, EQUIPO y HERRAMIENTAS, JORNALES
B4: DESCRIPCIÓN | C4: UNIDAD | D4: PRECIO UNITARIO
B5: ACPM | C5: Gal | D5: 9700
B6: AGUA | C6: Lt | D6: 70
B7: ARENA | C7: m3 | D7: 99404
B8: BLOQUE CEMENTO ½ 10x20x20 cm | C8: Un | D8: 1867
B9: BLOQUE CEMENTO 10x20x40 cm | C9: Un | D9: 3114
B10: BOLSAS PLÁSTICAS | C10: Un | D10: 2500
B11: BOTAS DE SEGURIDAD | C11: Par | D11: 95658
B12: CAMISA DE TRABAJO | C12: Un | D12: 23485
B13: CASCO DE SEGURIDAD | C13: Un | D13: 36743
B14: CEMENTO GRIS | C14: Kg | D14: 699
B15: CHALECO REFLECTIVO | C15: Un | D15: 30353
B16: CINTA DE SEÑALIZACIÓN a=7 cm | C16: m | D16: 174
... B97: TARIFA ESCOMBRERA AUTORIZADA | C97: m3 | D97: 4343

Sheet G_Obra 
A3: GENERADORES DE OBRA
A4: 1.01 Excavación en tierra seca h= 0-2 m | I4: UNIDAD: m3
A5: OBSERVACIONES | B5: NIVEL | C5: EJE | D5: TRAMO | E5: TIPO | F5: LARGO | G5: ANCHO | H5: ALTO | I5: PIEZAS | J5: CANTIDAD
I6: 5.03 | J6: =I6 -> 5.03
I8: TOTAL = | J8: =ROUND(SUM(J6:J6),2) -> 5.03
A11: 1.02 Nivelación terreno con material del sitio | I11: UNIDAD: m2
A12: OBSERVACIONES | B12: NIVEL | C12: EJE | D12: TRAMO | E12: TIPO | F12: LARGO | G12: ANCHO | H12: ALTO | I12: PIEZAS | J12: CANTIDAD
I13: 170 | J13: =I13 -> 170
I15: TOTAL = | J15: =ROUND(SUM(J13:J13),2) -> 170
A18: 2.01 Banca en concreto prefabricada | I18: UNIDAD: Un
A19: OBSERVACIONES | B19: NIVEL | C19: EJE | D19: TRAMO | E19: TIPO | F19: LARGO | G19: ANCHO | H19: ALTO | I19: PIEZAS | J19: CANTIDAD
I20: 4 | J20: =I20 -> 4
I22: TOTAL = | J22: =ROUND(SUM(J20:J20),2) -> 4
A25: 2.02 Desmonte y retiro de llantas | I25: UNIDAD: Un
A26: OBSERVACIONES | B26: NIVEL | C26: EJE | D26: TRAMO | E26: TIPO | F26: LARGO | G26: ANCHO | H26: ALTO | I26: PIEZAS | J26: CANTIDAD
I27: 5 | J27: =I27 -> 5
I29: TOTAL = | J29: =ROUND(SUM(J27:J27),2) -> 5
A32: 3.01 Muro en ladrillo rayado e= 10 cm | I32: UNIDAD: m2
A33: OBSERVACIONES | B33: NIVEL | C33: EJE | D33: TRAMO | E33: TIPO | F33: LARGO | G33: ANCHO | H33: ALTO | I33: PIEZAS | J33: CANTIDAD
F34: 19 | H34: 0.6 | J34: =ROUND(F34*H34,2) -> 11.4
F35: 17 | H35: 0.6 | J35: =ROUND(F35*H35,2) -> 10.2
I37: TOTAL = | J37: =ROUND(SUM(J34:J35),2) -> 21.6
A40: 3.02 Pañete muro exterior (incl. filos y dilataciones) | I40: UNIDAD: m2
A41: OBSERVACIONES | B41: NIVEL | C41: EJE | D41: TRAMO | E41: TIPO | F41: LARGO | G41: ANCHO | H41: ALTO | I41: PIEZAS | J41: CANTIDAD
F42: 19 | J42: =ROUND(F42,2) -> 19
F43: 17 | J43: =ROUND(F43,2) -> 17
F44: 36 | G44: 0.2 | J44: =ROUND(F44*G44,2) -> 7.2
I46: TOTAL = | J46: =ROUND(SUM(J42:J44),2) -> 43.2
A49: 3.03 Pintura exterior en Koraza | I49: UNIDAD: m2
A50: OBSERVACIONES | B50: NIVEL | C50: EJE | D50: TRAMO | E50: TIPO | F50: LARGO | G50: ANCHO | H50: ALTO | I50: PIEZAS | J50: CANTIDAD
F51: 19 | J51: =ROUND(F51,2) -> 19
F52: 17 | J52: =ROUND(F52,2) -> 17
F53: 36 | G53: 0.2 | J53: =ROUND(F53*G53,2) -> 7.2
I55: TOTAL = | J55: =ROUND(SUM(J51:J53),2) -> 43.2
A58: 3.04 sumnistro y siembra de flores | I58: UNIDAD: Un
A59: OBSERVACIONES | B59: NIVEL | C59: EJE | D59: TRAMO | E59: TIPO | F59: LARGO | G59: ANCHO | H59: ALTO | I59: PIEZAS | J59: CANTIDAD
I60: 120 | J60: =I60 -> 120
I62: TOTAL = | J62: =ROUND(SUM(J60:J60),2) -> 120
A65: 3.05 sumnistro y siembra de guayacan 1,50 | I65: UNIDAD: Un
A66: OBSERVACIONES | B66: NIVEL | C66: EJE | D66: TRAMO | E66: TIPO | F66: LARGO | G66: ANCHO | H66: ALTO | I66: PIEZAS | J66: CANTIDAD
I67: 5 | J67: =I67 -> 5
I69: TOTAL = | J69: =ROUND(SUM(J67:J67),2) -> 5
A72: 4.01 Basurero para mascotas, incluye bolsas DISPE | I72: UNIDAD: Un
A73: OBSERVACIONES | B73: NIVEL | C73: EJE | D73: TRAMO | E73: TIPO | F73: LARGO | G73: ANCHO | H73: ALTO | I73: PIEZAS | J73: CANTIDAD
I74: 1 | J74: =I74 -> 1
I76: TOTAL = | J76: =ROUND(SUM(J74:J74),2) -> 1
A79: 4.02 Relleno en triturado de 3/4" | I79: UNIDAD: m3
A80: OBSERVACIONES | B80: NIVEL | C80: EJE | D80: TRAMO | E80: TIPO | F80: LARGO | G80: ANCHO | H80: ALTO | I80: PIEZAS | J80: CANTIDAD
I81: 0.66 | J81: =I81 -> 0.66
I83: TOTAL = | J83: =ROUND(SUM(J81:J81),2) -> 0.66
A86: 4.03 Geotextil no tejido 1600 | I86: UNIDAD: m2
A87: OBSERVACIONES | B87: NIVEL | C87: EJE | D87: TRAMO | E87: TIPO | F87: LARGO | G87: ANCHO | H87: ALTO | I87: PIEZAS | J87: CANTIDAD
I88: 11.06 | J88: =I88 -> 11.06
I90: TOTAL = | J90: =ROUND(SUM(J88:J88),2) -> 11.06
A93: 4.04 Tapete sintetico en fibra artificial de polietileno fibrilado incluye todo lo necesario para su correcta instalacion y funcionamiento | I93: UNIDAD: m2
A94: OBSERVACIONES | B94: NIVEL | C94: EJE | D94: TRAMO | E94: TIPO | F94: LARGO | G94: ANCHO | H94: ALTO | I94: PIEZAS | J94: CANTIDAD
I95: 61.5 | J95: =I95 -> 61.5
I97: TOTAL = | J97: =ROUND(SUM(J95:J95),2) -> 61.5
A100: 4.05 Pintura para parque infantil | I100: UNIDAD: un
A101: OBSERVACIONES | B101: NIVEL | C101: EJE | D101: TRAMO | E101: TIPO | F101: LARGO | G101: ANCHO | H101: ALTO | I101: PIEZAS | J101: CANTIDAD
I102: 1 | J102: =I102 -> 1
I104: TOTAL = | J104: =ROUND(SUM(J102:J102),2) -> 1

Sheet SAN CAYETANO
B1: SAN CAYETANO
B3: FORMULARIO DE CANTIDADES Y PRESUPUESTO DE OBRA
B4: ÍTEM | C4: DESCRIPCIÓN | D4: UNIDAD | E4: CANTIDAD | F4: VR UNITARIO | G4: VR PARCIAL
B5: 1 | C5: MEJORAMIENTO PARQUE SAN CAYETANO | G5: =SUM(G6:G6) -> 212478
B6: 1.01 | C6: Reparacion de Bolardo en concreto | D6: Un | E6: ='G_Obra (2)'!J8 -> 3 | F6: ='Costos_Directos (2)'!E21 -> 70826 | G6: =ROUND(E6*F6, 0) -> 212478
B8: 2 | C8: TAPETE SINTETICO | G8: =SUM(G9:G12) -> 18213667
B9: 2.01 | C9: Excavación en tierra seca h= 0-2 m | D9: m3 | E9: ='G_Obra (2)'!J15 -> 12 | F9: ='Costos_Directos (2)'!E37 -> 35020 | G9: =ROUND(E9*F9, 0) -> 420240
B10: 2.02 | C10: Cargue manual y retiro de tierra | D10: m3 | E10: ='G_Obra (2)'!J22 -> 15.6 | F10: ='Costos_Directos (2)'!E56 -> 52253 | G10: =ROUND(E10*F10, 0) -> 815147
B11: 2.03 | C11: Tapete sintetico en fibra artificial de polietileno fibrilado incluye todo lo necesario para su correcta instalacion y funcionamiento | D11: m2 | E11: ='G_Obra (2)'!J29 -> 60 | F11: ='Costos_Directos (2)'!E82 -> 254638 | G11: =ROUND(E11*F11, 0) -> 15278280
B12: 2.05 | C12: Pintura parque infantil | D12: un | E12: ='G_Obra (2)'!J36 -> 1 | F12: ='Costos_Directos (2)'!E103 -> 1700000 | G12: =ROUND(E12*F12, 0) -> 1700000
B14: 3 | C14: MANTENIMIENTO PERGOLA | G14: =SUM(G15:G17) -> 3308862
B15: 3.01 | C15: Desmonte de estructura en madera cielo raso y teja | D15: m2 | E15: ='G_Obra (2)'!J43 -> 30 | F15: ='Costos_Directos (2)'!E118 -> 21650 | G15: =ROUND(E15*F15, 0) -> 649500
B16: 3.02 | C16: Teja ajover traslucida | D16: m2 | E16: ='G_Obra (2)'!J50 -> 30 | F16: ='Costos_Directos (2)'!E138 -> 74051 | G16: =ROUND(E16*F16, 0) -> 2221530
C17: Cargue manual y retiro de escombros en volqueta | D17: m3 | E17: 8 | F17: 54729 | G17: =ROUND(E17*F17, 0) -> 437832
B19: 4 | C19: MANTENIMIENTO DE URBANISMO Y ZONAS VERDES | G19: =SUM(G20:G27) -> 15728587
B20: 4.02 | C20: Pintura con esmalte para bancas de madera y metal | D20: un | E20: 10 | F20: 227000 | G20: =ROUND(E20*F20, 0) -> 2270000
C21: Pintura bancas largas de madera | D21: un | E21: 3 | F21: 318000 | G21: =ROUND(E21*F21, 0) -> 954000
B22: 4.03 | C22: sumnistro y siembra de flores | D22: Un | E22: 180 | F22: 7500 | G22: =ROUND(E22*F22, 0) -> 1350000
B23: 4.04 | C23: sumnistro y siembra de guayacan 1,50 | D23: Un | E23: 3 | F23: 95000 | G23: =ROUND(E23*F23, 0) -> 285000
B24: 4.05 | C24: Pintura de condones de jardinera | D24: m | E24: 300 | F24: 18000 | G24: =ROUND(E24*F24, 0) -> 5400000
B25: 4.06 | C25: Pintura de postes en gris basalto | D25: Un | E25: 6 | F25: 75000 | G25: =ROUND(E25*F25, 0) -> 450000
B26: 4.07 | C26: Basurero para mascotas, incluye bolsas | D26: Un | E26: 1 | F26: 3314042 | G26: =ROUND(E26*F26, 0) -> 3314042
B27: 4.08 | C27: Valla informativa instalada | D27: un | E27: 5 | F27: 341109 | G27: =ROUND(E27*F27, 0) -> 1705545
C29: TOTAL COSTOS DIRECTOS = | G29: =SUM(G5:G28)/2 -> 37463594
C30: ADMINISTRACIÓN (25%) = | G30: =ROUND(G29*25/100, 0) -> 9365899
C31: UTILIDAD (5%) = | G31: =ROUND(G29*5/100, 0) -> 1873180
C32: VALOR TOTAL = | G32: =SUM(G29:G31) -> 48702673
C33: HONORARIOS EMDUCE 5% | G33: =G32*0.05 -> 2435133.6
C34: IVA HONORARIOS | G34: =G33*0.19 -> 462675.39
C35: TOTAL DEL PROYECTO | G35: =G32+G33+G34 -> 51600482

Sheet Costos_Directos (2)
A3: ANÁLISIS DE PRECIOS UNITARIOS
A4: 1.01 Reparacion de Bolardo en concreto | E4: UNIDAD: Un
A5: DESCRIPCIÓN | B5: UNIDAD | C5: CANT/ REND | D5: PRECIO UNITARIO | E5: VR PARCIAL
A6: MATERIALES:
A7: CONCRETO 17.2 MPa | B7: m3 | C7: 0.06 | D7: ='Subproductos (2)'!E296 -> 459410 | E7: =ROUND(C7*D7, 2) -> 27564.6
D8: Subtotal = | E8: =SUM(E7:E7) -> 27564.6
A9: EQUIPO y HERRAMIENTAS:
A10: ='Insumos (2)'!B44 -> BALDE CONSTRUCCIÓN | B10: ='Insumos (2)'!C44 -> Un | C10: 0.0019 | D10: ='Insumos (2)'!D44 -> 6265 | E10: =ROUND(C10*D10, 2) -> 11.9
A11: ='Insumos (2)'!B74 -> PALUSTRE | B11: ='Insumos (2)'!C74 -> Un | C11: 0.0019 | D11: ='Insumos (2)'!D74 -> 14352 | E11: =ROUND(C11*D11, 2) -> 27.27
A12: HERRAMIENTA MENOR % | B12: %MO | C12: 2 | D12: =E19 -> 36536.44 | E12: =ROUND(C12*D12/100, 2) -> 730.73
D13: Subtotal = | E13: =SUM(E10:E12) -> 769.9
A14: TRANSPORTES:
A15: ='Insumos (2)'!B83 -> CAMIÓN 350 | B15: ='Insumos (2)'!C83 -> Hr | C15: 0.1 | D15: ='Insumos (2)'!D83 -> 59549 | E15: =ROUND(C15*D15, 2) -> 5954.9
D16: Subtotal = | E16: =SUM(E15:E15) -> 5954.9
A17: MANO de OBRA:
A18: CUADRILLA 1 OF + 1 AY | B18: Día | C18: 0.1875 | D18: ='Subproductos (2)'!E234 -> 194861 | E18: =ROUND(C18*D18, 2) -> 36536.44
D19: Subtotal = | E19: =SUM(E18:E18) -> 36536.44
D21: VR COSTO DIRECTO = | E21: =ROUND(SUM(E6:E19)/2, 0) -> 70826
A24: 2.01 Excavación en tierra seca h= 0-2 m | E24: UNIDAD: m3
A25: DESCRIPCIÓN | B25: UNIDAD | C25: CANT/ REND | D25: PRECIO UNITARIO | E25: VR PARCIAL
A26: MATERIALES:
A27: ='Insumos (2)'!B14 -> CINTA DE SEÑALIZACIÓN a=7 cm | B27: ='Insumos (2)'!C14 -> m | C27: 1 | D27: ='Insumos (2)'!D14 -> 174 | E27: =ROUND(C27*D27, 2) -> 174
A28: POSTE DE SEÑALIZACIÓN EN MADERA PINTADO + MUERTO EN CONCRETO | B28: Un | C28: 0.05 | D28: ='Subproductos (2)'!E336 -> 22381 | E28: =ROUND(C28*D28, 2) -> 1119.05
D29: Subtotal = | E29: =SUM(E27:E28) -> 1293.05
A30: EQUIPO y HERRAMIENTAS:
A31: CARRETA BUGGIE, PALA, ZAPAPICO | B31: Un | C31: 0.0012 | D31: ='Subproductos (2)'!E34 -> 408368 | E31: =ROUND(C31*D31, 2) -> 490.04
D32: Subtotal = | E32: =SUM(E31:E31) -> 490.04
A33: MANO de OBRA:
A34: CUADRILLA 1 OF + 2 AY | B34: Día | C34: 0.1204 | D34: ='Subproductos (2)'!E244 -> 276056 | E34: =ROUND(C34*D34, 2) -> 33237.14
D35: Subtotal = | E35: =SUM(E34:E34) -> 33237.14
D37: VR COSTO DIRECTO = | E37: =ROUND(SUM(E26:E35)/2, 0) -> 35020
A40: 2.02 Cargue manual y retiro de tierra | E40: UNIDAD: m3
A41: DESCRIPCIÓN | B41: UNIDAD | C41: CANT/ REND | D41: PRECIO UNITARIO | E41: VR PARCIAL
A42: EQUIPO y HERRAMIENTAS:
A43: ='Insumos (2)'!B73 -> PALA REDONDA CON CABO | B43: ='Insumos (2)'!C73 -> Un | C43: 0.0009 | D43: ='Insumos (2)'!D73 -> 34845 | E43: =ROUND(C43*D43, 2) -> 31.36
A44: ='Insumos (2)'!B56 -> CONO PVC CON CINTA REFLECTIVA | B44: ='Insumos (2)'!C56 -> Un | C44: 0.0004 | D44: ='Insumos (2)'!D56 -> 66996 | E44: =ROUND(C44*D44, 2) -> 26.8
D45: Subtotal = | E45: =SUM(E43:E44) -> 58.16
A46: TRANSPORTES:
A47: ='Insumos (2)'!B85 -> VOLQUETA 7 m3 | B47: ='Insumos (2)'!C85 -> Hr | C47: 0.4708 | D47: ='Insumos (2)'!D85 -> 86532 | E47: =ROUND(C47*D47, 2) -> 40739.27
D48: Subtotal = | E48: =SUM(E47:E47) -> 40739.27
A49: MANO de OBRA:
A50: CUADRILLA 2 Ay | B50: Día | C50: 0.0438 | D50: ='Subproductos (2)'!E263 -> 162390 | E50: =ROUND(C50*D50, 2) -> 7112.68
D51: Subtotal = | E51: =SUM(E50:E50) -> 7112.68
A52: OTROS:
A53: ='Insumos (2)'!B91 -> TARIFA ESCOMBRERA AUTORIZADA | B53: ='Insumos (2)'!C91 -> m3 | C53: 1 | D53: ='Insumos (2)'!D91 -> 4343 | E53: =ROUND(C53*D53, 2) -> 4343
D54: Subtotal = | E54: =SUM(E53:E53) -> 4343
D56: VR COSTO DIRECTO = | E56: =ROUND(SUM(E42:E54)/2, 0) -> 52253
A59: 2.03 Tapete sintetico en fibra artificial de polietileno fibrilado incluye todo lo necesario para su correcta instalacion y funcionamiento | E59: UNIDAD: m2
A60: DESCRIPCIÓN | B60: UNIDAD | C60: CANT/ REND | D60: PRECIO UNITARIO | E60: VR PARCIAL
A61: MATERIALES:
A62: ='Insumos (2)'!B23 -> MATERIAL SELECCIONADO | B62: ='Insumos (2)'!C23 -> m3 | C62: 0.1 | D62: ='Insumos (2)'!D23 -> 80488 | E62: =ROUND(C62*D62, 2) -> 8048.8
A63: ='Insumos (2)'!B36 -> TAPETE SINTÉTICO EN FIBRA ARTIFICIAL DE POLIETILENO FIBRILADO, DE TERCERA GENERACIÓN | B63: ='Insumos (2)'!C36 -> m2 | C63: 1.04 | D63: ='Insumos (2)'!D36 -> 151725 | E63: =ROUND(C63*D63, 2) -> 157794
A64: ='Insumos (2)'!B35 -> ARENA DE SÍLICE Y GRANO DE CAUCHO | B64: ='Insumos (2)'!C35 -> m2 | C64: 1.04 | D64: ='Insumos (2)'!D35 -> 5500 | E64: =ROUND(C64*D64, 2) -> 5720
A65: GEOTEXTIL NO TEJIDO 1600 | B65: m2 | C65: 0 | D65: 3412 | E65: =ROUND(C65*D65, 2) -> 0
A66: ='Insumos (2)'!B40 -> BASE ELASTICA | B66: ='Insumos (2)'!C40 -> m2 | C66: 1 | D66: ='Insumos (2)'!D40 -> 75000 | E66: =ROUND(C66*D66, 2) -> 75000
D67: Subtotal = | E67: =SUM(E62:E66) -> 246562.8
A68: EQUIPO y HERRAMIENTAS:
A69: ='Insumos (2)'!B53 -> COMPACTADOR MANUAL (RANA) | B69: ='Insumos (2)'!C53 -> Día | C69: 0.04 | D69: ='Insumos (2)'!D53 -> 53347 | E69: =ROUND(C69*D69, 2) -> 2133.88
A70: ='Insumos (2)'!B57 -> CORTADOR DE GRAMA SINTÉTICA | B70: ='Insumos (2)'!C57 -> Un | C70: 0.0002 | D70: ='Insumos (2)'!D57 -> 211912 | E70: =ROUND(C70*D70, 2) -> 42.38
A71: ='Insumos (2)'!B46 -> BISTURÍ | B71: ='Insumos (2)'!C46 -> Un | C71: 0.0002 | D71: ='Insumos (2)'!D46 -> 46458 | E71: =ROUND(C71*D71, 2) -> 9.29
A72: ='Insumos (2)'!B44 -> BALDE CONSTRUCCIÓN | B72: ='Insumos (2)'!C44 -> Un | C72: 0.0002 | D72: ='Insumos (2)'!D44 -> 6265 | E72: =ROUND(C72*D72, 2) -> 1.25
A73: HERRAMIENTA MENOR % | B73: %MO | C73: 10 | D73: =E80 -> 4676.66 | E73: =ROUND(C73*D73/100, 2) -> 467.67
D74: Subtotal = | E74: =SUM(E69:E73) -> 2654.47
A75: TRANSPORTES:
A76: ='Insumos (2)'!B84 -> CAMIONETA | B76: ='Insumos (2)'!C84 -> Hr | C76: 0.02 | D76: ='Insumos (2)'!D84 -> 37219 | E76: =ROUND(C76*D76, 2) -> 744.38
D77: Subtotal = | E77: =SUM(E76:E76) -> 744.38
A78: MANO de OBRA:
A79: CUADRILLA 1 OF + 1 AY | B79: Día | C79: 0.024 | D79: ='Subproductos (2)'!E234 -> 194861 | E79: =ROUND(C79*D79, 2) -> 4676.66
D80: Subtotal = | E80: =SUM(E79:E79) -> 4676.66
D82: VR COSTO DIRECTO = | E82: =ROUND(SUM(E61:E80)/2, 0) -> 254638
A85: 2.05 Pintura parque infantil | E85: UNIDAD: un
A86: DESCRIPCIÓN | B86: UNIDAD | C86: CANT/ REND | D86: PRECIO UNITARIO | E86: VR PARCIAL
A87: MATERIALES:
A88: ='Insumos (2)'!B21 -> LIJA SECA | B88: ='Insumos (2)'!C21 -> Pliego | C88: 40 | D88: ='Insumos (2)'!D21 -> 1187 | E88: =ROUND(C88*D88, 2) -> 47480
A89: ='Insumos (2)'!B18 -> GUANTES DE VINILO | B89: ='Insumos (2)'!C18 -> Par | C89: 0.14 | D89: ='Insumos (2)'!D18 -> 820 | E89: =ROUND(C89*D89, 2) -> 114.8
A90: ='Insumos (2)'!B15 -> DISOLVENTE | B90: ='Insumos (2)'!C15 -> Gal | C90: 4.12 | D90: ='Insumos (2)'!D15 -> 55979 | E90: =ROUND(C90*D90, 2) -> 230633.48
A91: ='Insumos (2)'!B25 -> PINTURA ESMALTE PINTULUX | B91: ='Insumos (2)'!C25 -> Gal | C91: 6 | D91: ='Insumos (2)'!D25 -> 110157 | E91: =ROUND(C91*D91, 2) -> 660942
D92: Subtotal = | E92: =SUM(E88:E91) -> 939170.28
A93: EQUIPO y HERRAMIENTAS:
A94: EQUIPO PARA PINTURA | B94: Día | C94: 0.67 | D94: ='Subproductos (2)'!E309 -> 85686 | E94: =ROUND(C94*D94, 2) -> 57409.62
D95: Subtotal = | E95: =SUM(E94:E94) -> 57409.62
A96: TRANSPORTES:
A97: ='Insumos (2)'!B84 -> CAMIONETA | B97: ='Insumos (2)'!C84 -> Hr | C97: 2 | D97: ='Insumos (2)'!D84 -> 37219 | E97: =ROUND(C97*D97, 2) -> 74438
D98: Subtotal = | E98: =SUM(E97:E97) -> 74438
A99: MANO de OBRA:
A100: CUADRILLA PINTURA | B100: Día | C100: 3.227866 | D100: ='Subproductos (2)'!E273 -> 194860 | E100: =ROUND(C100*D100, 2) -> 628981.97
D101: Subtotal = | E101: =SUM(E100:E100) -> 628981.97
D103: VR COSTO DIRECTO = | E103: =ROUND(SUM(E87:E101)/2, 0) -> 1700000
A106: 3.01 Desmonte de estructura en madera cielo raso y teja | E106: UNIDAD: m2
A107: DESCRIPCIÓN | B107: UNIDAD | C107: CANT/ REND | D107: PRECIO UNITARIO | E107: VR PARCIAL
A108: EQUIPO y HERRAMIENTAS:
A109: ='Insumos (2)'!B60 -> KIT ARNÉS PARA ALTURAS | B109: ='Insumos (2)'!C60 -> Un | C109: 0.0014 | D109: ='Insumos (2)'!D60 -> 691646 | E109: =ROUND(C109*D109, 2) -> 968.3
A110: ='Insumos (2)'!B43 -> ANDAMIO CERTIFICADO | B110: ='Insumos (2)'!C43 -> Día | C110: 0.05 | D110: ='Insumos (2)'!D43 -> 7887 | E110: =ROUND(C110*D110, 2) -> 394.35
A111: ='Insumos (2)'!B70 -> MOTOSIERRA | B111: ='Insumos (2)'!C70 -> Día | C111: 0.0116 | D111: ='Insumos (2)'!D70 -> 134820 | E111: =ROUND(C111*D111, 2) -> 1563.91
A112: ='Insumos (2)'!B80 -> SOGA - MANILA POLIPROPILENO de 3/4" | B112: ='Insumos (2)'!C80 -> m | C112: 0.0337 | D112: ='Insumos (2)'!D80 -> 4293 | E112: =ROUND(C112*D112, 2) -> 144.67
D113: Subtotal = | E113: =SUM(E109:E112) -> 3071.23
A114: MANO de OBRA:
A115: CUADRILLA 1 OF + 2 AY | B115: Día | C115: 0.0673 | D115: ='Subproductos (2)'!E244 -> 276056 | E115: =ROUND(C115*D115, 2) -> 18578.57
D116: Subtotal = | E116: =SUM(E115:E115) -> 18578.57
D118: VR COSTO DIRECTO = | E118: =ROUND(SUM(E108:E116)/2, 0) -> 21650
...

Sheet Subproductos (2)
A3: ANÁLISIS DE PRECIOS UNITARIOS - SUBPRODUCTOS
A4: ANDAMIO TUBULAR CON TIJERA 1.50x1.50 m | E4: UNIDAD: Día
A5: DESCRIPCIÓN | B5: UNIDAD | C5: CANT/ REND | D5: PRECIO UNITARIO | E5: VR PARCIAL
A6: EQUIPO y HERRAMIENTAS:
A7: ='Insumos (2)'!B66 -> MARCO ANDAMIO DE TIJERA 1.50x1.50 m | B7: ='Insumos (2)'!C66 -> Día | C7: 2 | D7: ='Insumos (2)'!D66 -> 657 | E7: =ROUND(C7*D7, 2) -> 1314
A8: ='Insumos (2)'!B81 -> TIJERA DE ANDAMIO | B8: ='Insumos (2)'!C81 -> Día | C8: 2 | D8: ='Insumos (2)'!D81 -> 175 | E8: =ROUND(C8*D8, 2) -> 350
A9: ='Insumos (2)'!B76 -> PLATAFORMA METÁLICA PARA ANDAMIO | B9: ='Insumos (2)'!C76 -> Día | C9: 1 | D9: ='Insumos (2)'!D76 -> 3163 | E9: =ROUND(C9*D9, 2) -> 3163
D10: Subtotal = | E10: =SUM(E7:E9) -> 4827
D12: VR UNITARIO = | E12: =ROUND(SUM(E6:E10)/2, 0) -> 4827
A15: CARRETA BUGGIE, PALA, BALDES | E15: UNIDAD: Un
A16: DESCRIPCIÓN | B16: UNIDAD | C16: CANT/ REND | D16: PRECIO UNITARIO | E16: VR PARCIAL
A17: EQUIPO y HERRAMIENTAS:
A18: ='Insumos (2)'!B50 -> CARRETA LLANTA NEUMÁTICA | B18: ='Insumos (2)'!C50 -> Un | C18: 1 | D18: ='Insumos (2)'!D50 -> 313308 | E18: =ROUND(C18*D18, 2) -> 313308
A19: ='Insumos (2)'!B73 -> PALA REDONDA CON CABO | B19: ='Insumos (2)'!C73 -> Un | C19: 1 | D19: ='Insumos (2)'!D73 -> 34845 | E19: =ROUND(C19*D19, 2) -> 34845
A20: ='Insumos (2)'!B44 -> BALDE CONSTRUCCIÓN | B20: ='Insumos (2)'!C44 -> Un | C20: 2 | D20: ='Insumos (2)'!D44 -> 6265 | E20: =ROUND(C20*D20, 2) -> 12530
D21: Subtotal = | E21: =SUM(E18:E20) -> 360683
D23: VR UNITARIO = | E23: =ROUND(SUM(E17:E21)/2, 0) -> 360683
A26: CARRETA BUGGIE, PALA, ZAPAPICO | E26: UNIDAD: Un
A27: DESCRIPCIÓN | B27: UNIDAD | C27: CANT/ REND | D27: PRECIO UNITARIO | E27: VR PARCIAL
A28: EQUIPO y HERRAMIENTAS:
A29: ='Insumos (2)'!B50 -> CARRETA LLANTA NEUMÁTICA | B29: ='Insumos (2)'!C50 -> Un | C29: 1 | D29: ='Insumos (2)'!D50 -> 313308 | E29: =ROUND(C29*D29, 2) -> 313308
A30: ='Insumos (2)'!B73 -> PALA REDONDA CON CABO | B30: ='Insumos (2)'!C73 -> Un | C30: 1 | D30: ='Insumos (2)'!D73 -> 34845 | E30: =ROUND(C30*D30, 2) -> 34845
A31: ='Insumos (2)'!B82 -> ZAPAPICO | B31: ='Insumos (2)'!C82 -> Un | C31: 1 | D31: ='Insumos (2)'!D82 -> 60215 | E31: =ROUND(C31*D31, 2) -> 60215
D32: Subtotal = | E32: =SUM(E29:E31) -> 408368
D34: VR UNITARIO = | E34: =ROUND(SUM(E28:E32)/2, 0) -> 408368
A37: HERRAMIENTAS PARA ALBAÑIL | E37: UNIDAD: Un
A38: DESCRIPCIÓN | B38: UNIDAD | C38: CANT/ REND | D38: PRECIO UNITARIO | E38: VR PARCIAL
A39: EQUIPO y HERRAMIENTAS:
A40: ='Insumos (2)'!B42 -> ALMADANA 4 lb | B40: ='Insumos (2)'!C42 -> Un | C40: 1 | D40: ='Insumos (2)'!D42 -> 49789 | E40: =ROUND(C40*D40, 2) -> 49789
A41: ='Insumos (2)'!B51 -> CINCEL 3/4" ACERO TEMPLADO | B41: ='Insumos (2)'!C51 -> Un | C41: 1 | D41: ='Insumos (2)'!D51 -> 30778 | E41: =ROUND(C41*D41, 2) -> 30778
A42: ='Insumos (2)'!B74 -> PALUSTRE | B42: ='Insumos (2)'!C74 -> Un | C42: 1 | D42: ='Insumos (2)'!D74 -> 14352 | E42: =ROUND(C42*D42, 2) -> 14352
A43: ='Insumos (2)'!B52 -> CINTA MÉTRICA x 5 m | B43: ='Insumos (2)'!C52 -> Un | C43: 1 | D43: ='Insumos (2)'!D52 -> 19547 | E43: =ROUND(C43*D43, 2) -> 19547
A44: ='Insumos (2)'!B71 -> NIVEL DE BURBUJA | B44: ='Insumos (2)'!C71 -> Un | C44: 1 | D44: ='Insumos (2)'!D71 -> 45275 | E44: =ROUND(C44*D44, 2) -> 45275
A45: ='Insumos (2)'!B63 -> MANGUERA DE NIVEL x 10 m | B45: ='Insumos (2)'!C63 -> Un | C45: 1 | D45: ='Insumos (2)'!D63 -> 5037 | E45: =ROUND(C45*D45, 2) -> 5037
A46: ='Insumos (2)'!B77 -> PLOMADA | B46: ='Insumos (2)'!C77 -> Un | C46: 1 | D46: ='Insumos (2)'!D77 -> 19048 | E46: =ROUND(C46*D46, 2) -> 19048
A47: ='Insumos (2)'!B67 -> MARCO SEGUETA FIJO | B47: ='Insumos (2)'!C67 -> Un | C47: 1 | D47: ='Insumos (2)'!D67 -> 30470 | E47: =ROUND(C47*D47, 2) -> 30470
A48: ='Insumos (2)'!B79 -> SERRUCHO | B48: ='Insumos (2)'!C79 -> Un | C48: 1 | D48: ='Insumos (2)'!D79 -> 38288 | E48: =ROUND(C48*D48, 2) -> 38288
A49: ='Insumos (2)'!B68 -> MARTILLO | B49: ='Insumos (2)'!C68 -> Un | C49: 1 | D49: ='Insumos (2)'!D68 -> 35658 | E49: =ROUND(C49*D49, 2) -> 35658
A50: ='Insumos (2)'!B61 -> LIMA PLANA PARA USO GENERAL CON MANGO 8" | B50: ='Insumos (2)'!C61 -> Un | C50: 1 | D50: ='Insumos (2)'!D61 -> 22886 | E50: =ROUND(C50*D50, 2) -> 22886
D51: Subtotal = | E51: =SUM(E40:E50) -> 311128
D53: VR UNITARIO = | E53: =ROUND(SUM(E39:E51)/2, 0) -> 311128
A56: HERRAMIENTAS PARA PINTOR | E56: UNIDAD: Un
A57: DESCRIPCIÓN | B57: UNIDAD | C57: CANT/ REND | D57: PRECIO UNITARIO | E57: VR PARCIAL
A58: EQUIPO y HERRAMIENTAS:
A59: ='Insumos (2)'!B58 -> ESPÁTULA DE METAL 4" | B59: ='Insumos (2)'!C58 -> Un | C59: 1 | D59: ='Insumos (2)'!D58 -> 21346 | E59: =ROUND(C59*D59, 2) -> 21346
A60: ='Insumos (2)'!B62 -> LLANA METÁLICA LISA MANGO MADERA 11" x 5 " | B60: ='Insumos (2)'!C62 -> Un | C60: 1 | D60: ='Insumos (2)'!D62 -> 27943 | E60: =ROUND(C60*D60, 2) -> 27943
A61: ='Insumos (2)'!B45 -> BANDEJA PLÁSTICA PARA PINTURA | B61: ='Insumos (2)'!C45 -> Un | C61: 1 | D61: ='Insumos (2)'!D45 -> 12961 | E61: =ROUND(C61*D61, 2) -> 12961
A62: ='Insumos (2)'!B47 -> BROCHA 2" | B62: ='Insumos (2)'!C47 -> Un | C62: 1 | D62: ='Insumos (2)'!D47 -> 8049 | E62: =ROUND(C62*D62, 2) -> 8049
A63: ='Insumos (2)'!B48 -> BROCHA 4" | B63: ='Insumos (2)'!C48 -> Un | C63: 1 | D63: ='Insumos (2)'!D48 -> 16529 | E63: =ROUND(C63*D63, 2) -> 16529
A64: ='Insumos (2)'!B78 -> RODILLO FELPA PARA PINTURA | B64: ='Insumos (2)'!C78 -> Un | C64: 1 | D64: ='Insumos (2)'!D78 -> 15028 | E64: =ROUND(C64*D64, 2) -> 15028
A65: ='Insumos (2)'!B41 -> ALARGADOR RODILLO PINTURA | B65: ='Insumos (2)'!C41 -> Un | C65: 1 | D65: ='Insumos (2)'!D41 -> 59333 | E65: =ROUND(C65*D65, 2) -> 59333
A66: ='Insumos (2)'!B52 -> CINTA MÉTRICA x 5 m | B66: ='Insumos (2)'!C52 -> Un | C66: 1 | D66: ='Insumos (2)'!D52 -> 19547 | E66: =ROUND(C66*D66, 2) -> 19547
D67: Subtotal = | E67: =SUM(E59:E66) -> 180736
D69: VR UNITARIO = | E69: =ROUND(SUM(E58:E67)/2, 0) -> 180736
A72: DOTACIÓN LABORAL | E72: UNIDAD: Un
A73: DESCRIPCIÓN | B73: UNIDAD | C73: CANT/ REND | D73: PRECIO UNITARIO | E73: VR PARCIAL
A74: VESTIDO:
A75: ='Insumos (2)'!B24 -> PANTALÓN DE TRABAJO | B75: ='Insumos (2)'!C24 -> Un | C75: 1 | D75: ='Insumos (2)'!D24 -> 54013 | E75: =ROUND(C75*D75, 2) -> 54013
A76: ='Insumos (2)'!B10 -> CAMISA DE TRABAJO | B76: ='Insumos (2)'!C10 -> Un | C76: 1 | D76: ='Insumos (2)'!D10 -> 23485 | E76: =ROUND(C76*D76, 2) -> 23485
D77: Subtotal = | E77: =SUM(E75:E76) -> 77498
A78: ZAPATOS:
A79: ='Insumos (2)'!B9 -> BOTAS DE SEGURIDAD | B79: ='Insumos (2)'!C9 -> Par | C79: 1 | D79: ='Insumos (2)'!D9 -> 95658 | E79: =ROUND(C79*D79, 2) -> 95658
D80: Subtotal = | E80: =SUM(E79:E79) -> 95658
D82: VR UNITARIO = | E82: =ROUND(SUM(E74:E80)/2, 0) -> 173156
A85: SEGURIDAD INDUSTRIAL | E85: UNIDAD: Un
A86: DESCRIPCIÓN | B86: UNIDAD | C86: CANT/ REND | D86: PRECIO UNITARIO | E86: VR PARCIAL
A87: ELEMENTOS DE PROTECCIÓN PERSONAL (EPP):
A88: ='Insumos (2)'!B13 -> CHALECO REFLECTIVO | B88: ='Insumos (2)'!C13 -> Un | C88: 1 | D88: ='Insumos (2)'!D13 -> 30353 | E88: =ROUND(C88*D88, 2) -> 30353
A89: ='Insumos (2)'!B11 -> CASCO DE SEGURIDAD | B89: ='Insumos (2)'!C11 -> Un | C89: 1 | D89: ='Insumos (2)'!D11 -> 36743 | E89: =ROUND(C89*D89, 2) -> 36743
A90: ='Insumos (2)'!B28 -> TAPABOCAS | B90: ='Insumos (2)'!C28 -> Un | C90: 1 | D90: ='Insumos (2)'!D28 -> 380 | E90: =ROUND(C90*D90, 2) -> 380
A91: ='Insumos (2)'!B29 -> TAPÓN PARA OIDO | B91: ='Insumos (2)'!C29 -> Un | C91: 1 | D91: ='Insumos (2)'!D29 -> 2279 | E91: =ROUND(C91*D91, 2) -> 2279
A92: ='Insumos (2)'!B16 -> GAFAS DE SEGURIDAD | B92: ='Insumos (2)'!C16 -> Un | C92: 1 | D92: ='Insumos (2)'!D16 -> 7439 | E92: =ROUND(C92*D92, 2) -> 7439
A93: ='Insumos (2)'!B19 -> GUANTES VAQUETA | B93: ='Insumos (2)'!C19 -> Par | C93: 1 | D93: ='Insumos (2)'!D19 -> 11772 | E93: =ROUND(C93*D93, 2) -> 11772
D94: Subtotal = | E94: =SUM(E88:E93) -> 88966
D96: VR UNITARIO = | E96: =ROUND(SUM(E87:E94)/2, 0) -> 88966
A99: AYUDANTE (Incl. prestaciones) | E99: UNIDAD: Día
A100: DESCRIPCIÓN | B100: UNIDAD | C100: CANT/ REND | D100: PRECIO UNITARIO | E100: VR PARCIAL
A101: ='Insumos (2)'!B87 -> AYUDANTE | B101: ='Insumos (2)'!C87 -> Mes | C101: 0.033333 | D101: ='Insumos (2)'!D87 -> 1300000 | E101: =ROUND(C101*D101, 2) -> 43332.9
A102: ='Insumos (2)'!B86 -> AUXILIO DE TRANSPORTE | B102: ='Insumos (2)'!C86 -> Mes | C102: 0.033333 | D102: ='Insumos (2)'!D86 -> 162000 | E102: =ROUND(C102*D102, 2) -> 5399.95
D103: Subtotal = | E103: =SUM(E101:E102) -> 48732.85
A104: SEGURIDAD SOCIAL:
A105: SALUD | B105: %S | C105: 12.5 | D105: =E101 -> 43332.9 | E105: =ROUND(C105*D105/100, 2) -> 5416.61
A106: PENSIÓN | B106: %S | C106: 16 | D106: =E101 -> 43332.9 | E106: =ROUND(C106*D106/100, 2) -> 6933.26
A107: RIESGOS PROFESIONALES | B107: %S | C107: 6.96 | D107: =E101 -> 43332.9 | E107: =ROUND(C107*D107/100, 2) -> 3015.97
D108: Subtotal = | E108: =SUM(E105:E107) -> 15365.84
A109: PRESTACIONES SOCIALES:
A110: CESANTÍAS | B110: % | C110: 8.3333 | D110: =E101+E102 -> 48732.85 | E110: =ROUND(C110*D110/100, 2) -> 4061.05
A111: INTERESES DE CESANTÍAS | B111: % | C111: 0.0333 | D111: =E110 -> 4061.05 | E111: =ROUND(C111*D111/100, 2) -> 1.35
A112: VACACIONES | B112: % | C112: 4.1667 | D112: =E101 -> 43332.9 | E112: =ROUND(C112*D112/100, 2) -> 1805.55
A113: PRIMA LEGAL | B113: % | C113: 8.3333 | D113: =E101+E102 -> 48732.85 | E113: =ROUND(C113*D113/100, 2) -> 4061.05
D114: Subtotal = | E114: =SUM(E110:E113) -> 9929
A115: APORTES PARAFISCALES:
A116: CAJA DE COMPENSACIÓN FAMILIAR | B116: %S | C116: 4 | D116: =E101 -> 43332.9 | E116: =ROUND(C116*D116/100, 2) -> 1733.32
A117: ICBF | B117: %S | C117: 3 | D117: =E101 -> 43332.9 | E117: =ROUND(C117*D117/100, 2) -> 1299.99
A118: SENA | B118: %S | C118: 2 | D118: =E101 -> 43332.9 | E118: =ROUND(C118*D118/100, 2) -> 866.66
A119: FIC (Fondo Nacional de Formación Profesional de la Industria de la Construcción) | B119: %S | C119: 2.5 | D119: =E101 -> 43332.9 | E119: =ROUND(C119*D119/100, 2) -> 1083.32
D120: Subtotal = | E120: =SUM(E116:E119) -> 4983.29
A121: OTROS:
A122: DOTACIÓN LABORAL | B122: Un | C122: 0.008333 | D122: =E82 -> 173156 | E122: =ROUND(C122*D122, 2) -> 1442.91
A123: SEGURIDAD INDUSTRIAL | B123: Un | C123: 0.008333 | D123: =E96 -> 88966 | E123: =ROUND(C123*D123, 2) -> 741.35
...

Sheet Insumos (2)
A3: MATERIALES, EQUIPO y HERRAMIENTAS, JORNALES
B4: DESCRIPCIÓN | C4: UNIDAD | D4: PRECIO UNITARIO
B5: ACPM | C5: Gal | D5: 9700
B6: AGUA | C6: Lt | D6: 70
B7: ARENA | C7: m3 | D7: 99404
B8: BOLSAS PLÁSTICAS | C8: Un | D8: 2500
B9: BOTAS DE SEGURIDAD | C9: Par | D9: 95658
B10: CAMISA DE TRABAJO | C10: Un | D10: 23485
B11: CASCO DE SEGURIDAD | C11: Un | D11: 36743
B12: CEMENTO GRIS | C12: Kg | D12: 699
B13: CHALECO REFLECTIVO | C13: Un | D13: 30353
B14: CINTA DE SEÑALIZACIÓN a=7 cm | C14: m | D14: 174
B15: DISOLVENTE | C15: Gal | D15: 55979
B16: GAFAS DE SEGURIDAD | C16: Un | D16: 7439
... B91: TARIFA ESCOMBRERA AUTORIZADA | C91: m3 | D91: 4343

Sheet G_Obra (2)
A3: GENERADORES DE OBRA
A4: 1.01 Reparacion de Bolardo en concreto | I4: UNIDAD: Un
A5: OBSERVACIONES | B5: NIVEL | C5: EJE | D5: TRAMO | E5: TIPO | F5: LARGO | G5: ANCHO | H5: ALTO | I5: PIEZAS | J5: CANTIDAD
I6: 3 | J6: =I6 -> 3
I8: TOTAL = | J8: =ROUND(SUM(J6:J6),2) -> 3
A11: 2.01 Excavación en tierra seca h= 0-2 m | I11: UNIDAD: m3
A12: OBSERVACIONES | B12: NIVEL | C12: EJE | D12: TRAMO | E12: TIPO | F12: LARGO | G12: ANCHO | H12: ALTO | I12: PIEZAS | J12: CANTIDAD
F13: 60 | G13: 0.2 | J13: =ROUND(F13*G13,2) -> 12
I15: TOTAL = | J15: =ROUND(SUM(J13:J13),2) -> 12
A18: 2.02 Cargue manual y retiro de tierra | I18: UNIDAD: m3
A19: OBSERVACIONES | B19: NIVEL | C19: EJE | D19: TRAMO | E19: TIPO | F19: LARGO | G19: ANCHO | H19: ALTO | I19: PIEZAS | J19: CANTIDAD
G20: 12 | H20: 1.3 | J20: =ROUND(G20*H20,2) -> 15.6
I22: TOTAL = | J22: =ROUND(SUM(J20:J20),2) -> 15.6
A25: 2.03 Tapete sintetico en fibra artificial de polietileno fibrilado incluye todo lo necesario para su correcta instalacion y funcionamiento | I25: UNIDAD: m2
A26: OBSERVACIONES | B26: NIVEL | C26: EJE | D26: TRAMO | E26: TIPO | F26: LARGO | G26: ANCHO | H26: ALTO | I26: PIEZAS | J26: CANTIDAD
I27: 60 | J27: =I27 -> 60
I29: TOTAL = | J29: =ROUND(SUM(J27:J27),2) -> 60
A32: 2.05 Pintura parque infantil | I32: UNIDAD: un
A33: OBSERVACIONES | B33: NIVEL | C33: EJE | D33: TRAMO | E33: TIPO | F33: LARGO | G33: ANCHO | H33: ALTO | I33: PIEZAS | J33: CANTIDAD
I34: 1 | J34: =I34 -> 1
I36: TOTAL = | J36: =ROUND(SUM(J34:J34),2) -> 1
A39: 3.01 Desmonte de estructura en madera cielo raso y teja | I39: UNIDAD: m2
A40: OBSERVACIONES | B40: NIVEL | C40: EJE | D40: TRAMO | E40: TIPO | F40: LARGO | G40: ANCHO | H40: ALTO | I40: PIEZAS | J40: CANTIDAD
I41: 30 | J41: =I41 -> 30
I43: TOTAL = | J43: =ROUND(SUM(J41:J41),2) -> 30
A46: 3.02 Teja ajover traslucida | I46: UNIDAD: m2
A47: OBSERVACIONES | B47: NIVEL | C47: EJE | D47: TRAMO | E47: TIPO | F47: LARGO | G47: ANCHO | H47: ALTO | I47: PIEZAS | J47: CANTIDAD
I48: 30 | J48: =I48 -> 30
I50: TOTAL = | J50: =ROUND(SUM(J48:J48),2) -> 30
A53: Cargue manual y retiro de escombros en volqueta | I53: UNIDAD: m3
A54: OBSERVACIONES | B54: NIVEL | C54: EJE | D54: TRAMO | E54: TIPO | F54: LARGO | G54: ANCHO | H54: ALTO | I54: PIEZAS | J54: CANTIDAD
I55: 8 | J55: =I55 -> 8
I57: TOTAL = | J57: =ROUND(SUM(J55:J55),2) -> 8
A60: 4.02 Pintura con esmalte para bancas de madera y metal | I60: UNIDAD: un
A61: OBSERVACIONES | B61: NIVEL | C61: EJE | D61: TRAMO | E61: TIPO | F61: LARGO | G61: ANCHO | H61: ALTO | I61: PIEZAS | J61: CANTIDAD
I62: 10 | J62: =I62 -> 10
I64: TOTAL = | J64: =ROUND(SUM(J62:J62),2) -> 10
A67: Pintura bancas largas de madera | I67: UNIDAD: un
A68: OBSERVACIONES | B68: NIVEL | C68: EJE | D68: TRAMO | E68: TIPO | F68: LARGO | G68: ANCHO | H68: ALTO | I68: PIEZAS | J68: CANTIDAD
I69: 3 | J69: =I69 -> 3
I71: TOTAL = | J71: =ROUND(SUM(J69:J69),2) -> 3
A74: 4.03 sumnistro y siembra de flores | I74: UNIDAD: Un
A75: OBSERVACIONES | B75: NIVEL | C75: EJE | D75: TRAMO | E75: TIPO | F75: LARGO | G75: ANCHO | H75: ALTO | I75: PIEZAS | J75: CANTIDAD
I76: 300 | J76: =I76 -> 300
I78: TOTAL = | J78: =ROUND(SUM(J76:J76),2) -> 300
A81: 4.04 sumnistro y siembra de guayacan 1,50 | I81: UNIDAD: Un
A82: OBSERVACIONES | B82: NIVEL | C82: EJE | D82: TRAMO | E82: TIPO | F82: LARGO | G82: ANCHO | H82: ALTO | I82: PIEZAS | J82: CANTIDAD
I83: 3 | J83: =I83 -> 3
I85: TOTAL = | J85: =ROUND(SUM(J83:J83),2) -> 3
A88: 4.05 Pintura de condones de jardinera | I88: UNIDAD: m
A89: OBSERVACIONES | B89: NIVEL | C89: EJE | D89: TRAMO | E89: TIPO | F89: LARGO | G89: ANCHO | H89: ALTO | I89: PIEZAS | J89: CANTIDAD
F90: 300 | J90: =F90 -> 300
I92: TOTAL = | J92: =ROUND(SUM(J90:J90),2) -> 300
A95: 4.06 Pintura de postes en gris basalto | I95: UNIDAD: Un
A96: OBSERVACIONES | B96: NIVEL | C96: EJE | D96: TRAMO | E96: TIPO | F96: LARGO | G96: ANCHO | H96: ALTO | I96: PIEZAS | J96: CANTIDAD
I97: 6 | J97: =I97 -> 6
I99: TOTAL = | J99: =ROUND(SUM(J97:J97),2) -> 6
A102: 4.07 Basurero para mascotas, incluye bolsas | I102: UNIDAD: Un
A103: OBSERVACIONES | B103: NIVEL | C103: EJE | D103: TRAMO | E103: TIPO | F103: LARGO | G103: ANCHO | H103: ALTO | I103: PIEZAS | J103: CANTIDAD
I104: 1 | J104: =I104 -> 1
I106: TOTAL = | J106: =ROUND(SUM(J104:J104),2) -> 1
A109: 4.08 Valla informativa instalada | I109: UNIDAD: un
A110: OBSERVACIONES | B110: NIVEL | C110: EJE | D110: TRAMO | E110: TIPO | F110: LARGO | G110: ANCHO | H110: ALTO | I110: PIEZAS | J110: CANTIDAD
I111: 5 | J111: =I111 -> 5
I113: TOTAL = | J113: =ROUND(SUM(J111:J111),2) -> 5

Sheet VILLAS DE LA CRUZ
B1: VILLAS DE LA CRUZ
B3: FORMULARIO DE CANTIDADES Y PRESUPUESTO DE OBRA
B4: ÍTEM | C4: DESCRIPCIÓN | D4: UNIDAD | E4: CANTIDAD | F4: VR UNITARIO | G4: VR PARCIAL
B5: 1 | C5: EXCAVACION | G5: =SUM(G6:G6) -> 186123
B6: 1.01 | C6: Excavación en tierra seca h= 0-2 m incluye cargue y retiro | D6: m3 | E6: ='G_Obra (3)'!J8 -> 2.1 | F6: ='Costos_Directos (3)'!E18 -> 88630 | G6: =ROUND(E6*F6, 0) -> 186123
B8: 2 | C8: DEMOLICIÓN | G8: =SUM(G9:G10) -> 672036
B9: 2.01 | C9: Demolición manual de andén en concreto | D9: m2 | E9: ='G_Obra (3)'!J15 -> 30 | F9: ='Costos_Directos (3)'!E31 -> 15104 | G9: =ROUND(E9*F9, 0) -> 453120
B10: 2.02 | C10: Cargue manual y retiro de escombros en volqueta | D10: m3 | E10: ='G_Obra (3)'!J22 -> 4 | F10: ='Costos_Directos (3)'!E50 -> 54729 | G10: =ROUND(E10*F10, 0) -> 218916
B12: 3 | C12: ESTRUCTURAS EN CONCRETO | G12: =SUM(G13:G17) -> 10342249
B13: 3.01 | C13: Banca en concreto prefabricada L= 1.40 m | D13: Un | E13: ='G_Obra (3)'!J29 -> 2 | F13: ='Costos_Directos (3)'!E68 -> 1826800 | G13: =ROUND(E13*F13, 0) -> 3653600
B14: 3.02 | C14: Base granular tipo Invías | D14: m3 | E14: 6.1406599 | F14: ='Costos_Directos (3)'!E93 -> 240243 | G14: =ROUND(E14*F14, 0) -> 1475251
B15: 3.03 | C15: Andén en concreto de 20.7 MPa e= 0.10 m | D15: m2 | E15: ='G_Obra (3)'!J43 -> 30 | F15: ='Costos_Directos (3)'!E113 -> 70758 | G15: =ROUND(E15*F15, 0) -> 2122740
B16: 3.04 | C16: Solado en concreto de 17.2 MPa | D16: m3 | E16: ='G_Obra (3)'!J50 -> 0.32 | F16: ='Costos_Directos (3)'!E129 -> 560430 | G16: =ROUND(E16*F16, 0) -> 179338
B17: 3.05 | C17: Bordillo prefabricado en concreto | D17: m | E17: ='G_Obra (3)'!J57 -> 30 | F17: ='Costos_Directos (3)'!E150 -> 97044 | G17: =ROUND(E17*F17, 0) -> 2911320
B19: 4 | C19: JARDINERAS EN ADOBE REVOCADO Y PINTURA | G19: =SUM(G20:G24) -> 4689911
B20: 4.01 | C20: Muro en ladrillo rayado e= 10 cm | D20: m2 | E20: ='G_Obra (3)'!J65 -> 25.2 | F20: ='Costos_Directos (3)'!E173 -> 70614 | G20: =ROUND(E20*F20, 0) -> 1779473
B21: 4.02 | C21: Pañete muro exterior (incl. filos y dilataciones) | D21: m2 | E21: ='G_Obra (3)'!J73 -> 29.2 | F21: ='Costos_Directos (3)'!E192 -> 39573 | G21: =ROUND(E21*F21, 0) -> 1155532
B22: 4.03 | C22: Pintura exterior en Koraza | D22: m2 | E22: ='G_Obra (3)'!J80 -> 29.2 | F22: ='Costos_Directos (3)'!E214 -> 36555 | G22: =ROUND(E22*F22, 0) -> 1067406
B23: 4.04 | C23: sumnistro y siembra de flores | D23: Un | E23: 79 | F23: ='Costos_Directos (3)'!E234 -> 7500 | G23: =ROUND(E23*F23, 0) -> 592500
B24: 4.05 | C24: sumnistro y siembra de guayacan 1,50 | D24: Un | E24: ='G_Obra (3)'!J94 -> 1 | F24: ='Costos_Directos (3)'!E254 -> 95000 | G24: =ROUND(E24*F24, 0) -> 95000
B26: 5 | C26: PINTURA DE LOSA | G26: =SUM(G27:G29) -> 11253525
B27: 5.01 | C27: Pintura epóxica en pisos de canchas | D27: m2 | E27: ='G_Obra (3)'!J101 -> 447 | F27: ='Costos_Directos (3)'!E281 -> 62000
B28: 5.02 | C28: pintura de flores y golosa | D28: m2 | E28: ='G_Obra (3)'!J108 -> 75 | F28: ='Costos_Directos (3)'!E303 -> 115647 | G28: =ROUND(E28*F28, 0) -> 8673525
B29: 5.03 | C29: Pintura para parque infantil | D29: m2 | E29: ='G_Obra (3)'!J115 -> 1 | F29: ='Costos_Directos (3)'!E324 -> 2580000 | G29: =ROUND(E29*F29, 0) -> 2580000
B31: 6 | C31: OBRAS VARIAS | G31: =SUM(G32:G32) -> 3363242
B32: 6.01 | C32: Basurero para mascotas, incluye bolsas | D32: Un | E32: ='G_Obra (3)'!J122 -> 1 | F32: ='Costos_Directos (3)'!E344 -> 3363242 | G32: =ROUND(E32*F32, 0) -> 3363242
C34: TOTAL COSTOS DIRECTOS = | G34: =SUM(G5:G33)/2 -> 30507086
C35: ADMINISTRACIÓN (25%) = | G35: =ROUND(G34*25/100, 0) -> 7626772
C36: UTILIDAD (5%) = | G36: =ROUND(G34*5/100, 0) -> 1525354
C37: VALOR TOTAL = | G37: =SUM(G34:G36) -> 39659212
C38: HONORARIOS EMDUCE 5% | G38: =G37*0.05 -> 1982960.6
C39: IVA HONORARIOS | G39: =G38*0.19 -> 376762.51
C40: TOTAL DEL PROYECTO | G40: =G37+G38+G39 -> 42018935

Sheet Costos_Directos (3)
A3: ANÁLISIS DE PRECIOS UNITARIOS
A4: 1.01 Excavación en tierra seca h= 0-2 m incluye cargue y retiro | E4: UNIDAD: m3
A5: DESCRIPCIÓN | B5: UNIDAD | C5: CANT/ REND | D5: PRECIO UNITARIO | E5: VR PARCIAL
A6: MATERIALES:
A7: ='Insumos (3)'!B20 -> CINTA DE SEÑALIZACIÓN a=7 cm | B7: ='Insumos (3)'!C20 -> m | C7: 1 | D7: ='Insumos (3)'!D20 -> 174 | E7: =ROUND(C7*D7, 2) -> 174
A8: POSTE DE SEÑALIZACIÓN EN MADERA PINTADO + MUERTO EN CONCRETO | B8: Un | D8: ='Subproductos (3)'!E412 -> 22381 | E8: =ROUND(C8*D8, 2) -> 0
D9: Subtotal = | E9: =SUM(E7:E8) -> 174
A10: EQUIPO y HERRAMIENTAS:
A11: CARRETA BUGGIE, PALA, ZAPAPICO | B11: Un | C11: 0.0012 | D11: ='Subproductos (3)'!E34 -> 408368 | E11: =ROUND(C11*D11, 2) -> 490.04
A12: RETIRO DE MATERIAL SOBRANTE CARGUE MANUAL | B12: m3 | C12: 1 | D12: ='Subproductos (3)'!E431 -> 54729 | E12: =ROUND(C12*D12, 2) -> 54729
D13: Subtotal = | E13: =SUM(E11:E12) -> 55219.04
A14: MANO de OBRA:
A15: CUADRILLA 1 OF + 2 AY | B15: Día | C15: 0.1204 | D15: ='Subproductos (3)'!E244 -> 276056 | E15: =ROUND(C15*D15, 2) -> 33237.14
D16: Subtotal = | E16: =SUM(E15:E15) -> 33237.14
D18: VR COSTO DIRECTO = | E18: =ROUND(SUM(E6:E16)/2, 0) -> 88630
A21: 2.01 Demolición manual de andén en concreto | E21: UNIDAD: m2
A22: DESCRIPCIÓN | B22: UNIDAD | C22: CANT/ REND | D22: PRECIO UNITARIO | E22: VR PARCIAL
A23: EQUIPO y HERRAMIENTAS:
A24: ='Insumos (3)'!B50 -> ALMADANA 18 lb | B24: ='Insumos (3)'!C50 -> Un | C24: 0.0018 | D24: ='Insumos (3)'!D50 -> 118955 | E24: =ROUND(C24*D24, 2) -> 214.12
A25: ='Insumos (3)'!B55 -> BARRA AGRÍCOLA | B25: ='Insumos (3)'!C55 -> Un | C25: 0.0018 | D25: ='Insumos (3)'!D55 -> 107425 | E25: =ROUND(C25*D25, 2) -> 193.37
D26: Subtotal = | E26: =SUM(E24:E25) -> 407.49
A27: MANO de OBRA:
A28: CUADRILLA 2 Ay | B28: Día | C28: 0.0905 | D28: ='Subproductos (3)'!E273 -> 162390 | E28: =ROUND(C28*D28, 2) -> 14696.3
D29: Subtotal = | E29: =SUM(E28:E28) -> 14696.3
D31: VR COSTO DIRECTO = | E31: =ROUND(SUM(E23:E29)/2, 0) -> 15104
A34: 2.02 Cargue manual y retiro de escombros en volqueta | E34: UNIDAD: m3
A35: DESCRIPCIÓN | B35: UNIDAD | C35: CANT/ REND | D35: PRECIO UNITARIO | E35: VR PARCIAL
A36: EQUIPO y HERRAMIENTAS:
A37: ='Insumos (3)'!B87 -> PALA REDONDA CON CABO | B37: ='Insumos (3)'!C87 -> Un | C37: 0.0012 | D37: ='Insumos (3)'!D87 -> 34845 | E37: =ROUND(C37*D37, 2) -> 41.81
A38: ='Insumos (3)'!B67 -> CONO PVC CON CINTA REFLECTIVA | B38: ='Insumos (3)'!C67 -> Un | C38: 0.0006 | D38: ='Insumos (3)'!D67 -> 66996 | E38: =ROUND(C38*D38, 2) -> 40.2
D39: Subtotal = | E39: =SUM(E37:E38) -> 82.01
A40: TRANSPORTES:
A41: ='Insumos (3)'!B102 -> VOLQUETA 7 m3 | B41: ='Insumos (3)'!C102 -> Hr | C41: 0.4708 | D41: ='Insumos (3)'!D102 -> 86532 | E41: =ROUND(C41*D41, 2) -> 40739.27
D42: Subtotal = | E42: =SUM(E41:E41) -> 40739.27
A43: MANO de OBRA:
A44: CUADRILLA 2 Ay | B44: Día | C44: 0.0589 | D44: ='Subproductos (3)'!E273 -> 162390 | E44: =ROUND(C44*D44, 2) -> 9564.77
D45: Subtotal = | E45: =SUM(E44:E44) -> 9564.77
A46: OTROS:
A47: ='Insumos (3)'!B109 -> TARIFA ESCOMBRERA AUTORIZADA | B47: ='Insumos (3)'!C109 -> m3 | C47: 1 | D47: ='Insumos (3)'!D109 -> 4343 | E47: =ROUND(C47*D47, 2) -> 4343
D48: Subtotal = | E48: =SUM(E47:E47) -> 4343
D50: VR COSTO DIRECTO = | E50: =ROUND(SUM(E36:E48)/2, 0) -> 54729
A53: 3.01 Banca en concreto prefabricada L= 1.40 m | E53: UNIDAD: Un
A54: DESCRIPCIÓN | B54: UNIDAD | C54: CANT/ REND | D54: PRECIO UNITARIO | E54: VR PARCIAL
A55: MATERIALES:
A56: ='Insumos (3)'!B45 -> BANCA EN CONCRETO PREFABRICADA | B56: ='Insumos (3)'!C45 -> Un | C56: 1 | D56: ='Insumos (3)'!D45 -> 1775000 | E56: =ROUND(C56*D56, 2) -> 1775000
D57: Subtotal = | E57: =SUM(E56:E56) -> 1775000
A58: EQUIPO y HERRAMIENTAS:
A59: HERRAMIENTA MENOR % | B59: %MO | C59: 2 | D59: =E66 -> 30593.18 | E59: =ROUND(C59*D59/100, 2) -> 611.86
D60: Subtotal = | E60: =SUM(E59:E59) -> 611.86
A61: TRANSPORTES:
A62: ='Insumos (3)'!B100 -> CAMIÓN PLATAFORMA 10 Ton | B62: ='Insumos (3)'!C100 -> Hr | C62: 0.2 | D62: ='Insumos (3)'!D100 -> 102975 | E62: =ROUND(C62*D62, 2) -> 20595
D63: Subtotal = | E63: =SUM(E62:E62) -> 20595
A64: MANO de OBRA:
A65: CUADRILLA 1 OF + 1 AY | B65: Día | C65: 0.157 | D65: ='Subproductos (3)'!E234 -> 194861 | E65: =ROUND(C65*D65, 2) -> 30593.18
D66: Subtotal = | E66: =SUM(E65:E65) -> 30593.18
D68: VR COSTO DIRECTO = | E68: =ROUND(SUM(E55:E66)/2, 0) -> 1826800
A71: 3.02 Base granular tipo Invías | E71: UNIDAD: m3
A72: DESCRIPCIÓN | B72: UNIDAD | C72: CANT/ REND | D72: PRECIO UNITARIO | E72: VR PARCIAL
A73: MATERIALES:
A74: ='Insumos (3)'!B9 -> BASE GRANULAR | B74: ='Insumos (3)'!C9 -> m3 | C74: 1.3 | D74: ='Insumos (3)'!D9 -> 130484 | E74: =ROUND(C74*D74, 2) -> 169629.2
A75: ='Insumos (3)'!B7 -> AGUA | B75: ='Insumos (3)'!C7 -> Lt | C75: 100 | D75: ='Insumos (3)'!D7 -> 70 | E75: =ROUND(C75*D75, 2) -> 7000
D76: Subtotal = | E76: =SUM(E74:E75) -> 176629.2
A77: EQUIPO y HERRAMIENTAS:
A78: ='Insumos (3)'!B84 -> MOTONIVELADORA | B78: ='Insumos (3)'!C84 -> Hr | C78: 0.043 | D78: ='Insumos (3)'!D84 -> 238847 | E78: =ROUND(C78*D78, 2) -> 10270.42
A79: ='Insumos (3)'!B93 -> RODILLO INGERSOLL RAND DD 29 | B79: ='Insumos (3)'!C93 -> Hr | C79: 0.043 | D79: ='Insumos (3)'!D93 -> 134203 | E79: =ROUND(C79*D79, 2) -> 5770.73
A80: ='Insumos (3)'!B61 -> CARROTANQUE DE AGUA 10,000 L | B80: ='Insumos (3)'!C61 -> Hr | C80: 0.033 | D80: ='Insumos (3)'!D61 -> 95912 | E80: =ROUND(C80*D80, 2) -> 3165.1
A81: CARRETA BUGGIE, PALA, BALDES | B81: Un | C81: 0.0009 | D81: ='Subproductos (3)'!E23 -> 360683 | E81: =ROUND(C81*D81, 2) -> 324.61
D82: Subtotal = | E82: =SUM(E78:E81) -> 19530.86
A83: TRANSPORTES:
A84: ='Insumos (3)'!B102 -> VOLQUETA 7 m3 | B84: ='Insumos (3)'!C102 -> Hr | C84: 0.1023 | D84: ='Insumos (3)'!D102 -> 86532 | E84: =ROUND(C84*D84, 2) -> 8852.22
D85: Subtotal = | E85: =SUM(E84:E84) -> 8852.22
A86: MANO de OBRA:
A87: CUADRILLA 1 OF + 4 AY | B87: Día | C87: 0.043 | D87: ='Subproductos (3)'!E264 -> 438446 | E87: =ROUND(C87*D87, 2) -> 18853.18
D88: Subtotal = | E88: =SUM(E87:E87) -> 18853.18
A89: OTROS:
A90: ='Insumos (3)'!B108 -> ENSAYO CBR | B90: ='Insumos (3)'!C108 -> Un | C90: 0.05 | D90: ='Insumos (3)'!D108 -> 327546 | E90: =ROUND(C90*D90, 2) -> 16377.3
D91: Subtotal = | E91: =SUM(E90:E90) -> 16377.3
D93: VR COSTO DIRECTO = | E93: =ROUND(SUM(E73:E91)/2, 0) -> 240243
A96: 3.03 Andén en concreto de 20.7 MPa e= 0.10 m | E96: UNIDAD: m2
A97: DESCRIPCIÓN | B97: UNIDAD | C97: CANT/ REND | D97: PRECIO UNITARIO | E97: VR PARCIAL
A98: MATERIALES:
A99: FORMALETA | B99: m2 | C99: 0.04 | D99: ='Subproductos (3)'!E365 -> 75375 | E99: =ROUND(C99*D99, 2) -> 3015
A100: ='Insumos (3)'!B6 -> ACPM | B100: ='Insumos (3)'!C6 -> Gal | C100: 0.1 | D100: ='Insumos (3)'!D6 -> 9700 | E100: =ROUND(C100*D100, 2) -> 970
A101: CONCRETO 20.7 MPa | B101: m3 | C101: 0.103 | D101: ='Subproductos (3)'!E329 -> 491271 | E101: =ROUND(C101*D101, 2) -> 50600.91
D102: Subtotal = | E102: =SUM(E99:E101) -> 54585.91
A103: EQUIPO y HERRAMIENTAS:
A104: CARRETA BUGGIE, PALA, BALDES | B104: Un | C104: 0.0008 | D104: ='Subproductos (3)'!E23 -> 360683 | E104: =ROUND(C104*D104, 2) -> 288.55
A105: ='Insumos (3)'!B64 -> CODAL DE ALUMINIO 3" x 1 1/2" x 3 m | B105: ='Insumos (3)'!C64 -> Un | C105: 0.0008 | D105: ='Insumos (3)'!D64 -> 39838 | E105: =ROUND(C105*D105, 2) -> 31.87
A106: ='Insumos (3)'!B70 -> ESCOBA | B106: ='Insumos (3)'!C70 -> Un | C106: 0.0008 | D106: ='Insumos (3)'!D70 -> 17067 | E106: =ROUND(C106*D106, 2) -> 13.65
A107: HERRAMIENTAS PARA ALBAÑIL | B107: Un | C107: 0.0008 | D107: ='Subproductos (3)'!E53 -> 311128 | E107: =ROUND(C107*D107, 2) -> 248.9
D108: Subtotal = | E108: =SUM(E104:E107) -> 582.97
A109: MANO de OBRA:
A110: CUADRILLA 1 OF + 1 AY | B110: Día | C110: 0.08 | D110: ='Subproductos (3)'!E234 -> 194861 | E110: =ROUND(C110*D110, 2) -> 15588.88
D111: Subtotal = | E111: =SUM(E110:E110) -> 15588.88
D113: VR COSTO DIRECTO = | E113: =ROUND(SUM(E98:E111)/2, 0) -> 70758
A116: 3.04 Solado en concreto de 17.2 MPa | E116: UNIDAD: m3
A117: DESCRIPCIÓN | B117: UNIDAD | C117: CANT/ REND | D117: PRECIO UNITARIO | E117: VR PARCIAL
A118: MATERIALES:
A119: CONCRETO 17.2 MPa | B119: m3 | C119: 1.05 | D119: ='Subproductos (3)'!E306 -> 459410 | E119: =ROUND(C119*D119, 2) -> 482380.5
D120: Subtotal = | E120: =SUM(E119:E119) -> 482380.5
...

Sheet Subproductos (3)
A3: ANÁLISIS DE PRECIOS UNITARIOS - SUBPRODUCTOS
A4: ANDAMIO TUBULAR CON TIJERA 1.50x1.50 m | E4: UNIDAD: Día
A5: DESCRIPCIÓN | B5: UNIDAD | C5: CANT/ REND | D5: PRECIO UNITARIO | E5: VR PARCIAL
A6: EQUIPO y HERRAMIENTAS:
A7: ='Insumos (3)'!B80 -> MARCO ANDAMIO DE TIJERA 1.50x1.50 m | B7: ='Insumos (3)'!C80 -> Día | C7: 2 | D7: ='Insumos (3)'!D80 -> 657 | E7: =ROUND(C7*D7, 2) -> 1314
A8: ='Insumos (3)'!B97 -> TIJERA DE ANDAMIO | B8: ='Insumos (3)'!C97 -> Día | D8: ='Insumos (3)'!D97 -> 175 | E8: =ROUND(C8*D8, 2) -> 0
A9: ='Insumos (3)'!B90 -> PLATAFORMA METÁLICA PARA ANDAMIO | B9: ='Insumos (3)'!C90 -> Día | C9: 1 | D9: ='Insumos (3)'!D90 -> 3163 | E9: =ROUND(C9*D9, 2) -> 3163
D10: Subtotal = | E10: =SUM(E7:E9) -> 4477
D12: VR UNITARIO = | E12: =ROUND(SUM(E6:E10)/2, 0) -> 4477
A15: CARRETA BUGGIE, PALA, BALDES | E15: UNIDAD: Un
A16: DESCRIPCIÓN | B16: UNIDAD | C16: CANT/ REND | D16: PRECIO UNITARIO | E16: VR PARCIAL
A17: EQUIPO y HERRAMIENTAS:
A18: ='Insumos (3)'!B60 -> CARRETA LLANTA NEUMÁTICA | B18: ='Insumos (3)'!C60 -> Un | C18: 1 | D18: ='Insumos (3)'!D60 -> 313308 | E18: =ROUND(C18*D18, 2) -> 313308
A19: ='Insumos (3)'!B87 -> PALA REDONDA CON CABO | B19: ='Insumos (3)'!C87 -> Un | C19: 1 | D19: ='Insumos (3)'!D87 -> 34845 | E19: =ROUND(C19*D19, 2) -> 34845
A20: ='Insumos (3)'!B53 -> BALDE CONSTRUCCIÓN | B20: ='Insumos (3)'!C53 -> Un | C20: 2 | D20: ='Insumos (3)'!D53 -> 6265 | E20: =ROUND(C20*D20, 2) -> 12530
D21: Subtotal = | E21: =SUM(E18:E20) -> 360683
D23: VR UNITARIO = | E23: =ROUND(SUM(E17:E21)/2, 0) -> 360683
A26: CARRETA BUGGIE, PALA, ZAPAPICO | E26: UNIDAD: Un
A27: DESCRIPCIÓN | B27: UNIDAD | C27: CANT/ REND | D27: PRECIO UNITARIO | E27: VR PARCIAL
A28: EQUIPO y HERRAMIENTAS:
A29: ='Insumos (3)'!B60 -> CARRETA LLANTA NEUMÁTICA | B29: ='Insumos (3)'!C60 -> Un | C29: 1 | D29: ='Insumos (3)'!D60 -> 313308 | E29: =ROUND(C29*D29, 2) -> 313308
A30: ='Insumos (3)'!B87 -> PALA REDONDA CON CABO | B30: ='Insumos (3)'!C87 -> Un | C30: 1 | D30: ='Insumos (3)'!D87 -> 34845 | E30: =ROUND(C30*D30, 2) -> 34845
A31: ='Insumos (3)'!B98 -> ZAPAPICO | B31: ='Insumos (3)'!C98 -> Un | C31: 1 | D31: ='Insumos (3)'!D98 -> 60215 | E31: =ROUND(C31*D31, 2) -> 60215
D32: Subtotal = | E32: =SUM(E29:E31) -> 408368
D34: VR UNITARIO = | E34: =ROUND(SUM(E28:E32)/2, 0) -> 408368
A37: HERRAMIENTAS PARA ALBAÑIL | E37: UNIDAD: Un
A38: DESCRIPCIÓN | B38: UNIDAD | C38: CANT/ REND | D38: PRECIO UNITARIO | E38: VR PARCIAL
A39: EQUIPO y HERRAMIENTAS:
A40: ='Insumos (3)'!B51 -> ALMADANA 4 lb | B40: ='Insumos (3)'!C51 -> Un | C40: 1 | D40: ='Insumos (3)'!D51 -> 49789 | E40: =ROUND(C40*D40, 2) -> 49789
A41: ='Insumos (3)'!B62 -> CINCEL 3/4" ACERO TEMPLADO | B41: ='Insumos (3)'!C62 -> Un | C41: 1 | D41: ='Insumos (3)'!D62 -> 30778 | E41: =ROUND(C41*D41, 2) -> 30778
A42: ='Insumos (3)'!B88 -> PALUSTRE | B42: ='Insumos (3)'!C88 -> Un | C42: 1 | D42: ='Insumos (3)'!D88 -> 14352 | E42: =ROUND(C42*D42, 2) -> 14352
A43: ='Insumos (3)'!B63 -> CINTA MÉTRICA x 5 m | B43: ='Insumos (3)'!C63 -> Un | C43: 1 | D43: ='Insumos (3)'!D63 -> 19547 | E43: =ROUND(C43*D43, 2) -> 19547
A44: ='Insumos (3)'!B85 -> NIVEL DE BURBUJA | B44: ='Insumos (3)'!C85 -> Un | C44: 1 | D44: ='Insumos (3)'!D85 -> 45275 | E44: =ROUND(C44*D44, 2) -> 45275
A45: ='Insumos (3)'!B77 -> MANGUERA DE NIVEL x 10 m | B45: ='Insumos (3)'!C77 -> Un | C45: 1 | D45: ='Insumos (3)'!D77 -> 5037 | E45: =ROUND(C45*D45, 2) -> 5037
A46: ='Insumos (3)'!B91 -> PLOMADA | B46: ='Insumos (3)'!C91 -> Un | C46: 1 | D46: ='Insumos (3)'!D91 -> 19048 | E46: =ROUND(C46*D46, 2) -> 19048
A47: ='Insumos (3)'!B81 -> MARCO SEGUETA FIJO | B47: ='Insumos (3)'!C81 -> Un | C47: 1 | D47: ='Insumos (3)'!D81 -> 30470 | E47: =ROUND(C47*D47, 2) -> 30470
A48: ='Insumos (3)'!B95 -> SERRUCHO | B48: ='Insumos (3)'!C95 -> Un | C48: 1 | D48: ='Insumos (3)'!D95 -> 38288 | E48: =ROUND(C48*D48, 2) -> 38288
A49: ='Insumos (3)'!B82 -> MARTILLO | B49: ='Insumos (3)'!C82 -> Un | C49: 1 | D49: ='Insumos (3)'!D82 -> 35658 | E49: =ROUND(C49*D49, 2) -> 35658
A50: ='Insumos (3)'!B75 -> LIMA PLANA PARA USO GENERAL CON MANGO 8" | B50: ='Insumos (3)'!C75 -> Un | C50: 1 | D50: ='Insumos (3)'!D75 -> 22886 | E50: =ROUND(C50*D50, 2) -> 22886
D51: Subtotal = | E51: =SUM(E40:E50) -> 311128
D53: VR UNITARIO = | E53: =ROUND(SUM(E39:E51)/2, 0) -> 311128
A56: HERRAMIENTAS PARA PINTOR | E56: UNIDAD: Un
A57: DESCRIPCIÓN | B57: UNIDAD | C57: CANT/ REND | D57: PRECIO UNITARIO | E57: VR PARCIAL
A58: EQUIPO y HERRAMIENTAS:
A59: ='Insumos (3)'!B71 -> ESPÁTULA DE METAL 4" | B59: ='Insumos (3)'!C71 -> Un | C59: 1 | D59: ='Insumos (3)'!D71 -> 21346 | E59: =ROUND(C59*D59, 2) -> 21346
A60: ='Insumos (3)'!B76 -> LLANA METÁLICA LISA MANGO MADERA 11" x 5 " | B60: ='Insumos (3)'!C76 -> Un | C60: 1 | D60: ='Insumos (3)'!D76 -> 27943 | E60: =ROUND(C60*D60, 2) -> 27943
A61: ='Insumos (3)'!B54 -> BANDEJA PLÁSTICA PARA PINTURA | B61: ='Insumos (3)'!C54 -> Un | C61: 1 | D61: ='Insumos (3)'!D54 -> 12961 | E61: =ROUND(C61*D61, 2) -> 12961
A62: ='Insumos (3)'!B57 -> BROCHA 2" | B62: ='Insumos (3)'!C57 -> Un | C62: 1 | D62: ='Insumos (3)'!D57 -> 8049 | E62: =ROUND(C62*D62, 2) -> 8049
A63: ='Insumos (3)'!B58 -> BROCHA 4" | B63: ='Insumos (3)'!C58 -> Un | C63: 1 | D63: ='Insumos (3)'!D58 -> 16529 | E63: =ROUND(C63*D63, 2) -> 16529
A64: ='Insumos (3)'!B92 -> RODILLO FELPA PARA PINTURA | B64: ='Insumos (3)'!C92 -> Un | C64: 1 | D64: ='Insumos (3)'!D92 -> 15028 | E64: =ROUND(C64*D64, 2) -> 15028
A65: ='Insumos (3)'!B49 -> ALARGADOR RODILLO PINTURA | B65: ='Insumos (3)'!C49 -> Un | C65: 1 | D65: ='Insumos (3)'!D49 -> 59333 | E65: =ROUND(C65*D65, 2) -> 59333
A66: ='Insumos (3)'!B63 -> CINTA MÉTRICA x 5 m | B66: ='Insumos (3)'!C63 -> Un | C66: 1 | D66: ='Insumos (3)'!D63 -> 19547 | E66: =ROUND(C66*D66, 2) -> 19547
D67: Subtotal = | E67: =SUM(E59:E66) -> 180736
D69: VR UNITARIO = | E69: =ROUND(SUM(E58:E67)/2, 0) -> 180736
A72: DOTACIÓN LABORAL | E72: UNIDAD: Un
A73: DESCRIPCIÓN | B73: UNIDAD | C73: CANT/ REND | D73: PRECIO UNITARIO | E73: VR PARCIAL
A74: VESTIDO:
A75: ='Insumos (3)'!B31 -> PANTALÓN DE TRABAJO | B75: ='Insumos (3)'!C31 -> Un | C75: 1 | D75: ='Insumos (3)'!D31 -> 54013 | E75: =ROUND(C75*D75, 2) -> 54013
A76: ='Insumos (3)'!B15 -> CAMISA DE TRABAJO | B76: ='Insumos (3)'!C15 -> Un | C76: 1 | D76: ='Insumos (3)'!D15 -> 23485 | E76: =ROUND(C76*D76, 2) -> 23485
D77: Subtotal = | E77: =SUM(E75:E76) -> 77498
A78: ZAPATOS:
A79: ='Insumos (3)'!B14 -> BOTAS DE SEGURIDAD | B79: ='Insumos (3)'!C14 -> Par | C79: 1 | D79: ='Insumos (3)'!D14 -> 95658 | E79: =ROUND(C79*D79, 2) -> 95658
D80: Subtotal = | E80: =SUM(E79:E79) -> 95658
D82: VR UNITARIO = | E82: =ROUND(SUM(E74:E80)/2, 0) -> 173156
A85: SEGURIDAD INDUSTRIAL | E85: UNIDAD: Un
A86: DESCRIPCIÓN | B86: UNIDAD | C86: CANT/ REND | D86: PRECIO UNITARIO | E86: VR PARCIAL
A87: ELEMENTOS DE PROTECCIÓN PERSONAL (EPP):
A88: ='Insumos (3)'!B18 -> CHALECO REFLECTIVO | B88: ='Insumos (3)'!C18 -> Un | C88: 1 | D88: ='Insumos (3)'!D18 -> 30353 | E88: =ROUND(C88*D88, 2) -> 30353
A89: ='Insumos (3)'!B16 -> CASCO DE SEGURIDAD | B89: ='Insumos (3)'!C16 -> Un | C89: 1 | D89: ='Insumos (3)'!D16 -> 36743 | E89: =ROUND(C89*D89, 2) -> 36743
A90: ='Insumos (3)'!B39 -> TAPABOCAS | B90: ='Insumos (3)'!C39 -> Un | C90: 1 | D90: ='Insumos (3)'!D39 -> 380 | E90: =ROUND(C90*D90, 2) -> 380
A91: ='Insumos (3)'!B40 -> TAPÓN PARA OIDO | B91: ='Insumos (3)'!C40 -> Un | C91: 1 | D91: ='Insumos (3)'!D40 -> 2279 | E91: =ROUND(C91*D91, 2) -> 2279
A92: ='Insumos (3)'!B22 -> GAFAS DE SEGURIDAD | B92: ='Insumos (3)'!C22 -> Un | C92: 1 | D92: ='Insumos (3)'!D22 -> 7439 | E92: =ROUND(C92*D92, 2) -> 7439
A93: ='Insumos (3)'!B25 -> GUANTES VAQUETA | B93: ='Insumos (3)'!C25 -> Par | C93: 1 | D93: ='Insumos (3)'!D25 -> 11772 | E93: =ROUND(C93*D93, 2) -> 11772
D94: Subtotal = | E94: =SUM(E88:E93) -> 88966
D96: VR UNITARIO = | E96: =ROUND(SUM(E87:E94)/2, 0) -> 88966
A99: AYUDANTE (Incl. prestaciones) | E99: UNIDAD: Día
A100: DESCRIPCIÓN | B100: UNIDAD | C100: CANT/ REND | D100: PRECIO UNITARIO | E100: VR PARCIAL
A101: ='Insumos (3)'!B104 -> AYUDANTE | B101: ='Insumos (3)'!C104 -> Mes | C101: 0.033333 | D101: ='Insumos (3)'!D104 -> 1300000 | E101: =ROUND(C101*D101, 2) -> 43332.9
A102: ='Insumos (3)'!B103 -> AUXILIO DE TRANSPORTE | B102: ='Insumos (3)'!C103 -> Mes | C102: 0.033333 | D102: ='Insumos (3)'!D103 -> 162000 | E102: =ROUND(C102*D102, 2) -> 5399.95
D103: Subtotal = | E103: =SUM(E101:E102) -> 48732.85
A104: SEGURIDAD SOCIAL:
A105: SALUD | B105: %S | C105: 12.5 | D105: =E101 -> 43332.9 | E105: =ROUND(C105*D105/100, 2) -> 5416.61
A106: PENSIÓN | B106: %S | C106: 16 | D106: =E101 -> 43332.9 | E106: =ROUND(C106*D106/100, 2) -> 6933.26
A107: RIESGOS PROFESIONALES | B107: %S | C107: 6.96 | D107: =E101 -> 43332.9 | E107: =ROUND(C107*D107/100, 2) -> 3015.97
D108: Subtotal = | E108: =SUM(E105:E107) -> 15365.84
A109: PRESTACIONES SOCIALES:
A110: CESANTÍAS | B110: % | C110: 8.3333 | D110: =E101+E102 -> 48732.85 | E110: =ROUND(C110*D110/100, 2) -> 4061.05
A111: INTERESES DE CESANTÍAS | B111: % | C111: 0.0333 | D111: =E110 -> 4061.05 | E111: =ROUND(C111*D111/100, 2) -> 1.35
A112: VACACIONES | B112: % | C112: 4.1667 | D112: =E101 -> 43332.9 | E112: =ROUND(C112*D112/100, 2) -> 1805.55
A113: PRIMA LEGAL | B113: % | C113: 8.3333 | D113: =E101+E102 -> 48732.85 | E113: =ROUND(C113*D113/100, 2) -> 4061.05
D114: Subtotal = | E114: =SUM(E110:E113) -> 9929
A115: APORTES PARAFISCALES:
A116: CAJA DE COMPENSACIÓN FAMILIAR | B116: %S | C116: 4 | D116: =E101 -> 43332.9 | E116: =ROUND(C116*D116/100, 2) -> 1733.32
A117: ICBF | B117: %S | C117: 3 | D117: =E101 -> 43332.9 | E117: =ROUND(C117*D117/100, 2) -> 1299.99
A118: SENA | B118: %S | C118: 2 | D118: =E101 -> 43332.9 | E118: =ROUND(C118*D118/100, 2) -> 866.66
A119: FIC (Fondo Nacional de Formación Profesional de la Industria de la Construcción) | B119: %S | C119: 2.5 | D119: =E101 -> 43332.9 | E119: =ROUND(C119*D119/100, 2) -> 1083.32
D120: Subtotal = | E120: =SUM(E116:E119) -> 4983.29
A121: OTROS:
A122: DOTACIÓN LABORAL | B122: Un | C122: 0.008333 | D122: =E82 -> 173156 | E122: =ROUND(C122*D122, 2) -> 1442.91
A123: SEGURIDAD INDUSTRIAL | B123: Un | C123: 0.008333 | D123: =E96 -> 88966 | E123: =ROUND(C123*D123, 2) -> 741.35
...

Sheet Insumos (3)
A3: MATERIALES, EQUIPO y HERRAMIENTAS, JORNALES
B4: DESCRIPCIÓN | C4: UNIDAD | D4: PRECIO UNITARIO
B5: ÁCIDO MURIÁTICO | C5: Gal | D5: 18168
B6: ACPM | C6: Gal | D6: 9700
B7: AGUA | C7: Lt | D7: 70
B8: ARENA | D8: 99404
B9: BASE GRANULAR | C9: m3 | D9: 130484
B10: BLOQUE CEMENTO ½ 10x20x20 cm | C10: Un | D10: 1867
B11: BLOQUE CEMENTO 10x20x40 cm | C11: Un | D11: 3114
B12: BOLSAS PLÁSTICAS | C12: Un | D12: 2800
B13: BORDILLO PREFABRICADO 80x20x35 | C13: Un | D13: 55105
B14: BOTAS DE SEGURIDAD | C14: Par | D14: 95658
B15: CAMISA DE TRABAJO | C15: Un | D15: 23485
B16: CASCO DE SEGURIDAD | C16: Un | D16: 36743
B17: CEMENTO GRIS | C17: Kg | D17: 699
B18: CHALECO REFLECTIVO | C18: Un | D18: 30353
B19: CINTA DE ENMASCARAR 1" | C19: m | D19: 179
B20: CINTA DE SEÑALIZACIÓN a=7 cm | C20: m | D20: 174
... B109: TARIFA ESCOMBRERA AUTORIZADA | C109: m3 | D109: 4343

Sheet G_Obra (3)
A3: GENERADORES DE OBRA
A4: 1.01 Excavación en tierra seca h= 0-2 m incluye cargue y retiro | I4: UNIDAD: m3
A5: OBSERVACIONES | B5: NIVEL | C5: EJE | D5: TRAMO | E5: TIPO | F5: LARGO | G5: ANCHO | H5: ALTO | I5: PIEZAS | J5: CANTIDAD
I6: 2.1 | J6: =I6 -> 2.1
I8: TOTAL = | J8: =ROUND(SUM(J6:J6),2) -> 2.1
A11: 2.01 Demolición manual de andén en concreto | I11: UNIDAD: m2
A12: OBSERVACIONES | B12: NIVEL | C12: EJE | D12: TRAMO | E12: TIPO | F12: LARGO | G12: ANCHO | H12: ALTO | I12: PIEZAS | J12: CANTIDAD
I13: 30 | J13: =I13 -> 30
I15: TOTAL = | J15: =ROUND(SUM(J13:J13),2) -> 30
A18: 2.02 Cargue manual y retiro de escombros en volqueta | I18: UNIDAD: m3
A19: OBSERVACIONES | B19: NIVEL | C19: EJE | D19: TRAMO | E19: TIPO | F19: LARGO | G19: ANCHO | H19: ALTO | I19: PIEZAS | J19: CANTIDAD
I20: 4 | J20: =I20 -> 4
I22: TOTAL = | J22: =ROUND(SUM(J20:J20),2) -> 4
A25: 3.01 Banca en concreto prefabricada L= 1.40 m | I25: UNIDAD: Un
A26: OBSERVACIONES | B26: NIVEL | C26: EJE | D26: TRAMO | E26: TIPO | F26: LARGO | G26: ANCHO | H26: ALTO | I26: PIEZAS | J26: CANTIDAD
I27: 2 | J27: =I27 -> 2
I29: TOTAL = | J29: =ROUND(SUM(J27:J27),2) -> 2
A32: 3.02 Base granular tipo Invías | I32: UNIDAD: m3
A33: OBSERVACIONES | B33: NIVEL | C33: EJE | D33: TRAMO | E33: TIPO | F33: LARGO | G33: ANCHO | H33: ALTO | I33: PIEZAS | J33: CANTIDAD
I34: 6 | J34: =I34 -> 6
I36: TOTAL = | J36: =ROUND(SUM(J34:J34),2) -> 6
A39: 3.03 Andén en concreto de 20.7 MPa e= 0.10 m | I39: UNIDAD: m2
A40: OBSERVACIONES | B40: NIVEL | C40: EJE | D40: TRAMO | E40: TIPO | F40: LARGO | G40: ANCHO | H40: ALTO | I40: PIEZAS | J40: CANTIDAD
I41: 30 | J41: =I41 -> 30
I43: TOTAL = | J43: =ROUND(SUM(J41:J41),2) -> 30
A46: 3.04 Solado en concreto de 17.2 MPa | I46: UNIDAD: m3
A47: OBSERVACIONES | B47: NIVEL | C47: EJE | D47: TRAMO | E47: TIPO | F47: LARGO | G47: ANCHO | H47: ALTO | I47: PIEZAS | J47: CANTIDAD
G48: 42 | H48: 0.05 | I48: 0.15 | J48: =ROUND(G48*H48*I48,2) -> 0.32
I50: TOTAL = | J50: =ROUND(SUM(J48:J48),2) -> 0.32
A53: 3.05 Bordillo prefabricado en concreto | I53: UNIDAD: m
A54: OBSERVACIONES | B54: NIVEL | C54: EJE | D54: TRAMO | E54: TIPO | F54: LARGO | G54: ANCHO | H54: ALTO | I54: PIEZAS | J54: CANTIDAD
F55: 30 | J55: =F55 -> 30
I57: TOTAL = | J57: =ROUND(SUM(J55:J55),2) -> 30
A60: 4.01 Muro en ladrillo rayado e= 10 cm | I60: UNIDAD: m2
A61: OBSERVACIONES | B61: NIVEL | C61: EJE | D61: TRAMO | E61: TIPO | F61: LARGO | G61: ANCHO | H61: ALTO | I61: PIEZAS | J61: CANTIDAD
F62: 20 | H62: 0.6 | J62: =ROUND(F62*H62,2) -> 12
F63: 22 | H63: 0.6 | J63: =ROUND(F63*H63,2) -> 13.2
I65: TOTAL = | J65: =ROUND(SUM(J62:J63),2) -> 25.2
A68: 4.02 Pañete muro exterior (incl. filos y dilataciones) | I68: UNIDAD: m2
A69: OBSERVACIONES | B69: NIVEL | C69: EJE | D69: TRAMO | E69: TIPO | F69: LARGO | G69: ANCHO | H69: ALTO | I69: PIEZAS | J69: CANTIDAD
F70: 25 | J70: =ROUND(F70,2) -> 25
F71: 42 | G71: 0.1 | J71: =ROUND(F71*G71,2) -> 4.2
I73: TOTAL = | J73: =ROUND(SUM(J70:J71),2) -> 29.2
A76: 4.03 Pintura exterior en Koraza | I76: UNIDAD: m2
A77: OBSERVACIONES | B77: NIVEL | C77: EJE | D77: TRAMO | E77: TIPO | F77: LARGO | G77: ANCHO | H77: ALTO | I77: PIEZAS | J77: CANTIDAD
I78: 29.2 | J78: =I78 -> 29.2
I80: TOTAL = | J80: =ROUND(SUM(J78:J78),2) -> 29.2
A83: 4.04 sumnistro y siembra de flores | I83: UNIDAD: Un
A84: OBSERVACIONES | B84: NIVEL | C84: EJE | D84: TRAMO | E84: TIPO | F84: LARGO | G84: ANCHO | H84: ALTO | I84: PIEZAS | J84: CANTIDAD
I85: 95 | J85: =I85 -> 95
I87: TOTAL = | J87: =ROUND(SUM(J85:J85),2) -> 95
A90: 4.05 sumnistro y siembra de guayacan 1,50 | I90: UNIDAD: Un
A91: OBSERVACIONES | B91: NIVEL | C91: EJE | D91: TRAMO | E91: TIPO | F91: LARGO | G91: ANCHO | H91: ALTO | I91: PIEZAS | J91: CANTIDAD
I92: 1 | J92: =I92 -> 1
I94: TOTAL = | J94: =ROUND(SUM(J92:J92),2) -> 1
A97: 5.01 Pintura epóxica en pisos de canchas | I97: UNIDAD: m2
A98: OBSERVACIONES | B98: NIVEL | C98: EJE | D98: TRAMO | E98: TIPO | F98: LARGO | G98: ANCHO | H98: ALTO | I98: PIEZAS | J98: CANTIDAD
I99: 447 | J99: =I99 -> 447
I101: TOTAL = | J101: =ROUND(SUM(J99:J99),2) -> 447
A104: 5.02 pintura de flores y golosa | I104: UNIDAD: m2
A105: OBSERVACIONES | B105: NIVEL | C105: EJE | D105: TRAMO | E105: TIPO | F105: LARGO | G105: ANCHO | H105: ALTO | I105: PIEZAS | J105: CANTIDAD
I106: 75 | J106: =I106 -> 75
I108: TOTAL = | J108: =ROUND(SUM(J106:J106),2) -> 75
A111: 5.03 Pintura para parque infantil | I111: UNIDAD: m2
A112: OBSERVACIONES | B112: NIVEL | C112: EJE | D112: TRAMO | E112: TIPO | F112: LARGO | G112: ANCHO | H112: ALTO | I112: PIEZAS | J112: CANTIDAD
I113: 1 | J113: =I113 -> 1
I115: TOTAL = | J115: =ROUND(SUM(J113:J113),2) -> 1
A118: 6.01 Basurero para mascotas, incluye bolsas | I118: UNIDAD: Un
A119: OBSERVACIONES | B119: NIVEL | C119: EJE | D119: TRAMO | E119: TIPO | F119: LARGO | G119: ANCHO | H119: ALTO | I119: PIEZAS | J119: CANTIDAD
I120: 1 | J120: =I120 -> 1
I122: TOTAL = | J122: =ROUND(SUM(J120:J120),2) -> 1

Sheet CALLE 16 
B1: CALLE 16
B3: FORMULARIO DE CANTIDADES Y PRESUPUESTO DE OBRA
B4: ÍTEM | C4: DESCRIPCIÓN | D4: UNIDAD | E4: CANTIDAD | F4: VR UNITARIO | G4: VR PARCIAL
B5: 1 | C5: EXCAVACION | G5: =SUM(G6:G7) -> 2378120
B6: 1.01 | C6: Excavación en tierra seca h= 0-2 m | D6: m3 | E6: ='G_Obra (4)'!J8 -> 23.1 | F6: ='Costos_Directos (4)'!E17 -> 35020 | G6: =ROUND(E6*F6, 0) -> 808962
B7: 1.02 | C7: Cargue manual y retiro de tierra | D7: m3 | E7: ='G_Obra (4)'!J15 -> 30.03 | F7: ='Costos_Directos (4)'!E36 -> 52253 | G7: =ROUND(E7*F7, 0) -> 1569158
B9: 2 | C9: ESTRUCTURAS EN CONCRETO | G9: =SUM(G10:G15) -> 27981823
B10: 2.01 | C10: Banca en concreto prefabricada | D10: Un | E10: ='G_Obra (4)'!J22 -> 3 | F10: ='Costos_Directos (4)'!E54 -> 1826800 | G10: =ROUND(E10*F10, 0) -> 5480400
B11: 2.02 | C11: Base granular tipo Invías | D11: m3 | E11: 11.477847 | F11: ='Costos_Directos (4)'!E79 -> 240243 | G11: =ROUND(E11*F11, 0) -> 2757472
B12: 2.03 | C12: Andén en concreto de 20.7 MPa e= 0.10 m | D12: m2 | E12: ='G_Obra (4)'!J36 -> 115.5 | F12: ='Costos_Directos (4)'!E98 -> 86866 | G12: =ROUND(E12*F12, 0) -> 10033023
B13: 2.04 | C13: Bordillo prefabricado en concreto | D13: m | E13: ='G_Obra (4)'!J43 -> 77 | F13: ='Costos_Directos (4)'!E119 -> 97044 | G13: =ROUND(E13*F13, 0) -> 7472388
B14: 2.05 | C14: Loseta táctil guía 6x20x20 cm | D14: m | E14: ='G_Obra (4)'!J50 -> 77 | F14: ='Costos_Directos (4)'!E140 -> 24334 | G14: =ROUND(E14*F14, 0) -> 1873718
B15: 2.06 | C15: Loseta táctil alerta 6x20x20 cm | D15: m2 | E15: ='G_Obra (4)'!J57 -> 2.4 | F15: ='Costos_Directos (4)'!E161 -> 152009 | G15: =ROUND(E15*F15, 0) -> 364822
B17: 3 | C17: JARDINERAS EN ADOBE REVOCADO Y PINTURA | G17: =SUM(G18:G19) -> 1110000
B18: 3.01 | C18: sumnistro y siembra de flores | D18: Un | E18: 110 | F18: ='Costos_Directos (4)'!E181 -> 7500 | G18: =ROUND(E18*F18, 0) -> 825000
B19: 3.02 | C19: sumnistro y siembra de guayacan 1,50 | D19: Un | E19: ='G_Obra (4)'!J71 -> 3 | F19: ='Costos_Directos (4)'!E201 -> 95000 | G19: =ROUND(E19*F19, 0) -> 285000
B21: 4 | C21: OBRAS VARIAS | G21: =SUM(G22:G22) -> 3363242
B22: 4.01 | C22: Basurero para mascotas, incluye bolsas | D22: Un | E22: ='G_Obra (4)'!J78 -> 1 | F22: ='Costos_Directos (4)'!E221 -> 3363242 | G22: =ROUND(E22*F22, 0) -> 3363242
C24: TOTAL COSTOS DIRECTOS = | G24: =SUM(G5:G23)/2 -> 34833185
C25: ADMINISTRACIÓN (25%) = | G25: =ROUND(G24*25/100, 0) -> 8708296
C26: UTILIDAD (5%) = | G26: =ROUND(G24*5/100, 0) -> 1741659
C27: VALOR TOTAL = | G27: =SUM(G24:G26) -> 45283140
C28: HONORARIOS EMDUCE 5% | G28: =G27*0.05 -> 2264157
C29: IVA HONORARIOS | G29: =G28*0.19 -> 430189.83
C30: TOTAL DEL PROYECTO | G30: =G27+G28+G29 -> 47977487

Sheet Costos_Directos (4)
A3: ANÁLISIS DE PRECIOS UNITARIOS
A4: 1.01 Excavación en tierra seca h= 0-2 m | E4: UNIDAD: m3
A5: DESCRIPCIÓN | B5: UNIDAD | C5: CANT/ REND | D5: PRECIO UNITARIO | E5: VR PARCIAL
A6: MATERIALES:
A7: ='Insumos (4)'!B16 -> CINTA DE SEÑALIZACIÓN a=7 cm | B7: ='Insumos (4)'!C16 -> m | C7: 1 | D7: ='Insumos (4)'!D16 -> 174 | E7: =ROUND(C7*D7, 2) -> 174
A8: POSTE DE SEÑALIZACIÓN EN MADERA PINTADO + MUERTO EN CONCRETO | B8: Un | C8: 0.05 | D8: ='Subproductos (4)'!E298 -> 22381 | E8: =ROUND(C8*D8, 2) -> 1119.05
D9: Subtotal = | E9: =SUM(E7:E8) -> 1293.05
A10: EQUIPO y HERRAMIENTAS:
A11: CARRETA BUGGIE, PALA, ZAPAPICO | B11: Un | C11: 0.0012 | D11: ='Subproductos (4)'!E23 -> 408368 | E11: =ROUND(C11*D11, 2) -> 490.04
D12: Subtotal = | E12: =SUM(E11:E11) -> 490.04
A13: MANO de OBRA:
A14: CUADRILLA 1 OF + 2 AY | B14: Día | C14: 0.1204 | D14: ='Subproductos (4)'!E153 -> 276056 | E14: =ROUND(C14*D14, 2) -> 33237.14
D15: Subtotal = | E15: =SUM(E14:E14) -> 33237.14
D17: VR COSTO DIRECTO = | E17: =ROUND(SUM(E6:E15)/2, 0) -> 35020
A20: 1.02 Cargue manual y retiro de tierra | E20: UNIDAD: m3
A21: DESCRIPCIÓN | B21: UNIDAD | C21: CANT/ REND | D21: PRECIO UNITARIO | E21: VR PARCIAL
A22: EQUIPO y HERRAMIENTAS:
A23: ='Insumos (4)'!B59 -> PALA REDONDA CON CABO | B23: ='Insumos (4)'!C59 -> Un | C23: 0.0009 | D23: ='Insumos (4)'!D59 -> 34845 | E23: =ROUND(C23*D23, 2) -> 31.36
A24: ='Insumos (4)'!B48 -> CONO PVC CON CINTA REFLECTIVA | B24: ='Insumos (4)'!C48 -> Un | C24: 0.0004 | D24: ='Insumos (4)'!D48 -> 66996 | E24: =ROUND(C24*D24, 2) -> 26.8
D25: Subtotal = | E25: =SUM(E23:E24) -> 58.16
A26: TRANSPORTES:
A27: ='Insumos (4)'!B70 -> VOLQUETA 7 m3 | B27: ='Insumos (4)'!C70 -> Hr | C27: 0.4708 | D27: ='Insumos (4)'!D70 -> 86532 | E27: =ROUND(C27*D27, 2) -> 40739.27
D28: Subtotal = | E28: =SUM(E27:E27) -> 40739.27
A29: MANO de OBRA:
A30: CUADRILLA 2 Ay | B30: Día | C30: 0.0438 | D30: ='Subproductos (4)'!E182 -> 162390 | E30: =ROUND(C30*D30, 2) -> 7112.68
D31: Subtotal = | E31: =SUM(E30:E30) -> 7112.68
A32: OTROS:
A33: ='Insumos (4)'!B75 -> TARIFA ESCOMBRERA AUTORIZADA | B33: ='Insumos (4)'!C75 -> m3 | C33: 1 | D33: ='Insumos (4)'!D75 -> 4343 | E33: =ROUND(C33*D33, 2) -> 4343
D34: Subtotal = | E34: =SUM(E33:E33) -> 4343
D36: VR COSTO DIRECTO = | E36: =ROUND(SUM(E22:E34)/2, 0) -> 52253
A39: 2.01 Banca en concreto prefabricada | E39: UNIDAD: Un
A40: DESCRIPCIÓN | B40: UNIDAD | C40: CANT/ REND | D40: PRECIO UNITARIO | E40: VR PARCIAL
A41: MATERIALES:
A42: ='Insumos (4)'!B35 -> BANCA EN CONCRETO PREFABRICADA | B42: ='Insumos (4)'!C35 -> Un | C42: 1 | D42: ='Insumos (4)'!D35 -> 1775000 | E42: =ROUND(C42*D42, 2) -> 1775000
D43: Subtotal = | E43: =SUM(E42:E42) -> 1775000
A44: EQUIPO y HERRAMIENTAS:
A45: HERRAMIENTA MENOR % | B45: %MO | C45: 2 | D45: =E52 -> 30593.18 | E45: =ROUND(C45*D45/100, 2) -> 611.86
D46: Subtotal = | E46: =SUM(E45:E45) -> 611.86
A47: TRANSPORTES:
A48: ='Insumos (4)'!B68 -> CAMIÓN PLATAFORMA 10 Ton | B48: ='Insumos (4)'!C68 -> Hr | C48: 0.2 | D48: ='Insumos (4)'!D68 -> 102975 | E48: =ROUND(C48*D48, 2) -> 20595
D49: Subtotal = | E49: =SUM(E48:E48) -> 20595
A50: MANO de OBRA:
A51: CUADRILLA 1 OF + 1 AY | B51: Día | C51: 0.157 | D51: ='Subproductos (4)'!E143 -> 194861 | E51: =ROUND(C51*D51, 2) -> 30593.18
D52: Subtotal = | E52: =SUM(E51:E51) -> 30593.18
D54: VR COSTO DIRECTO = | E54: =ROUND(SUM(E41:E52)/2, 0) -> 1826800
A57: 2.02 Base granular tipo Invías | E57: UNIDAD: m3
A58: DESCRIPCIÓN | B58: UNIDAD | C58: CANT/ REND | D58: PRECIO UNITARIO | E58: VR PARCIAL
A59: MATERIALES:
A60: ='Insumos (4)'!B8 -> BASE GRANULAR | B60: ='Insumos (4)'!C8 -> m3 | C60: 1.3 | D60: ='Insumos (4)'!D8 -> 130484 | E60: =ROUND(C60*D60, 2) -> 169629.2
A61: ='Insumos (4)'!B6 -> AGUA | B61: ='Insumos (4)'!C6 -> Lt | C61: 100 | D61: ='Insumos (4)'!D6 -> 70 | E61: =ROUND(C61*D61, 2) -> 7000
D62: Subtotal = | E62: =SUM(E60:E61) -> 176629.2
A63: EQUIPO y HERRAMIENTAS:
A64: ='Insumos (4)'!B56 -> MOTONIVELADORA | B64: ='Insumos (4)'!C56 -> Hr | C64: 0.043 | D64: ='Insumos (4)'!D56 -> 238847 | E64: =ROUND(C64*D64, 2) -> 10270.42
A65: ='Insumos (4)'!B63 -> RODILLO INGERSOLL RAND DD 29 | B65: ='Insumos (4)'!C63 -> Hr | C65: 0.043 | D65: ='Insumos (4)'!D63 -> 134203 | E65: =ROUND(C65*D65, 2) -> 5770.73
A66: ='Insumos (4)'!B43 -> CARROTANQUE DE AGUA 10,000 L | B66: ='Insumos (4)'!C43 -> Hr | C66: 0.033 | D66: ='Insumos (4)'!D43 -> 95912 | E66: =ROUND(C66*D66, 2) -> 3165.1
A67: CARRETA BUGGIE, PALA, BALDES | B67: Un | C67: 0.0009 | D67: ='Subproductos (4)'!E12 -> 360683 | E67: =ROUND(C67*D67, 2) -> 324.61
D68: Subtotal = | E68: =SUM(E64:E67) -> 19530.86
A69: TRANSPORTES:
A70: ='Insumos (4)'!B70 -> VOLQUETA 7 m3 | B70: ='Insumos (4)'!C70 -> Hr | C70: 0.1023 | D70: ='Insumos (4)'!D70 -> 86532 | E70: =ROUND(C70*D70, 2) -> 8852.22
D71: Subtotal = | E71: =SUM(E70:E70) -> 8852.22
A72: MANO de OBRA:
A73: CUADRILLA 1 OF + 4 AY | B73: Día | C73: 0.043 | D73: ='Subproductos (4)'!E173 -> 438446 | E73: =ROUND(C73*D73, 2) -> 18853.18
D74: Subtotal = | E74: =SUM(E73:E73) -> 18853.18
A75: OTROS:
A76: ='Insumos (4)'!B74 -> ENSAYO CBR | B76: ='Insumos (4)'!C74 -> Un | C76: 0.05 | D76: ='Insumos (4)'!D74 -> 327546 | E76: =ROUND(C76*D76, 2) -> 16377.3
D77: Subtotal = | E77: =SUM(E76:E76) -> 16377.3
D79: VR COSTO DIRECTO = | E79: =ROUND(SUM(E59:E77)/2, 0) -> 240243
A82: 2.03 Andén en concreto de 20.7 MPa e= 0.10 m | E82: UNIDAD: m2
A83: DESCRIPCIÓN | B83: UNIDAD | C83: CANT/ REND | D83: PRECIO UNITARIO | E83: VR PARCIAL
A84: MATERIALES:
A85: FORMALETA | B85: m2 | C85: 0.07 | D85: ='Subproductos (4)'!E251 -> 75375 | E85: =ROUND(C85*D85, 2) -> 5276.25
A86: CONCRETO 20.7 MPa | B86: m3 | C86: 0.103 | D86: ='Subproductos (4)'!E228 -> 491271 | E86: =ROUND(C86*D86, 2) -> 50600.91
A87: ='Insumos (4)'!B19 -> GASOLINA | B87: ='Insumos (4)'!C19 -> Gal | C87: 0.02 | D87: ='Insumos (4)'!D19 -> 15757 | E87: =ROUND(C87*D87, 2) -> 315.14
D88: Subtotal = | E88: =SUM(E85:E87) -> 56192.3
A89: EQUIPO y HERRAMIENTAS:
A90: CARRETA BUGGIE, PALA, BALDES | B90: Un | C90: 0.0016 | D90: ='Subproductos (4)'!E12 -> 360683 | E90: =ROUND(C90*D90, 2) -> 577.09
A91: ='Insumos (4)'!B62 -> REGLA VIBRATORIA | B91: ='Insumos (4)'!C62 -> Día | C91: 0.02 | D91: ='Insumos (4)'!D62 -> 63378 | E91: =ROUND(C91*D91, 2) -> 1267.56
A92: HERRAMIENTAS PARA ALBAÑIL | B92: Un | C92: 0.0008 | D92: ='Subproductos (4)'!E42 -> 311128 | E92: =ROUND(C92*D92, 2) -> 248.9
D93: Subtotal = | E93: =SUM(E90:E92) -> 2093.55
A94: MANO de OBRA:
A95: CUADRILLA 1 OF + 3 AY | B95: Día | C95: 0.08 | D95: ='Subproductos (4)'!E163 -> 357251 | E95: =ROUND(C95*D95, 2) -> 28580.08
D96: Subtotal = | E96: =SUM(E95:E95) -> 28580.08
D98: VR COSTO DIRECTO = | E98: =ROUND(SUM(E84:E96)/2, 0) -> 86866
A101: 2.04 Bordillo prefabricado en concreto | E101: UNIDAD: m
A102: DESCRIPCIÓN | B102: UNIDAD | C102: CANT/ REND | D102: PRECIO UNITARIO | E102: VR PARCIAL
A103: MATERIALES:
A104: ='Insumos (4)'!B10 -> BORDILLO PREFABRICADO 80x20x35 | B104: ='Insumos (4)'!C10 -> Un | C104: 1.25 | D104: ='Insumos (4)'!D10 -> 55105 | E104: =ROUND(C104*D104, 2) -> 68881.25
A105: CONCRETO 20.7 MPa | B105: m3 | C105: 0.025 | D105: ='Subproductos (4)'!E228 -> 491271 | E105: =ROUND(C105*D105, 2) -> 12281.78
A106: MORTERO 1:3 | B106: m3 | C106: 0.0018 | D106: ='Subproductos (4)'!E271 -> 455846 | E106: =ROUND(C106*D106, 2) -> 820.52
D107: Subtotal = | E107: =SUM(E104:E106) -> 81983.55
A108: EQUIPO y HERRAMIENTAS:
A109: CARRETA BUGGIE, PALA, BALDES | B109: Un | C109: 0.0007 | D109: ='Subproductos (4)'!E12 -> 360683 | E109: =ROUND(C109*D109, 2) -> 252.48
A110: ='Insumos (4)'!B60 -> PALUSTRE | B110: ='Insumos (4)'!C60 -> Un | C110: 0.0007 | D110: ='Insumos (4)'!D60 -> 14352 | E110: =ROUND(C110*D110, 2) -> 10.05
D111: Subtotal = | E111: =SUM(E109:E110) -> 262.53
A112: TRANSPORTES:
A113: ='Insumos (4)'!B67 -> CAMIÓN 350 | B113: ='Insumos (4)'!C67 -> Hr | C113: 0.025 | D113: ='Insumos (4)'!D67 -> 59549 | E113: =ROUND(C113*D113, 2) -> 1488.73
D114: Subtotal = | E114: =SUM(E113:E113) -> 1488.73
A115: MANO de OBRA:
A116: CUADRILLA 1 OF + 1 AY | B116: Día | C116: 0.0683 | D116: ='Subproductos (4)'!E143 -> 194861 | E116: =ROUND(C116*D116, 2) -> 13309.01
D117: Subtotal = | E117: =SUM(E116:E116) -> 13309.01
...

Sheet Subproductos (4)
A3: ANÁLISIS DE PRECIOS UNITARIOS - SUBPRODUCTOS
A4: CARRETA BUGGIE, PALA, BALDES | E4: UNIDAD: Un
A5: DESCRIPCIÓN | B5: UNIDAD | C5: CANT/ REND | D5: PRECIO UNITARIO | E5: VR PARCIAL
A6: EQUIPO y HERRAMIENTAS:
A7: ='Insumos (4)'!B42 -> CARRETA LLANTA NEUMÁTICA | B7: ='Insumos (4)'!C42 -> Un | C7: 1 | D7: ='Insumos (4)'!D42 -> 313308 | E7: =ROUND(C7*D7, 2) -> 313308
A8: ='Insumos (4)'!B59 -> PALA REDONDA CON CABO | B8: ='Insumos (4)'!C59 -> Un | C8: 1 | D8: ='Insumos (4)'!D59 -> 34845 | E8: =ROUND(C8*D8, 2) -> 34845
A9: ='Insumos (4)'!B39 -> BALDE CONSTRUCCIÓN | B9: ='Insumos (4)'!C39 -> Un | C9: 2 | D9: ='Insumos (4)'!D39 -> 6265 | E9: =ROUND(C9*D9, 2) -> 12530
D10: Subtotal = | E10: =SUM(E7:E9) -> 360683
D12: VR UNITARIO = | E12: =ROUND(SUM(E6:E10)/2, 0) -> 360683
A15: CARRETA BUGGIE, PALA, ZAPAPICO | E15: UNIDAD: Un
A16: DESCRIPCIÓN | B16: UNIDAD | C16: CANT/ REND | D16: PRECIO UNITARIO | E16: VR PARCIAL
A17: EQUIPO y HERRAMIENTAS:
A18: ='Insumos (4)'!B42 -> CARRETA LLANTA NEUMÁTICA | B18: ='Insumos (4)'!C42 -> Un | C18: 1 | D18: ='Insumos (4)'!D42 -> 313308 | E18: =ROUND(C18*D18, 2) -> 313308
A19: ='Insumos (4)'!B59 -> PALA REDONDA CON CABO | B19: ='Insumos (4)'!C59 -> Un | C19: 1 | D19: ='Insumos (4)'!D59 -> 34845 | E19: =ROUND(C19*D19, 2) -> 34845
A20: ='Insumos (4)'!B66 -> ZAPAPICO | B20: ='Insumos (4)'!C66 -> Un | C20: 1 | D20: ='Insumos (4)'!D66 -> 60215 | E20: =ROUND(C20*D20, 2) -> 60215
D21: Subtotal = | E21: =SUM(E18:E20) -> 408368
D23: VR UNITARIO = | E23: =ROUND(SUM(E17:E21)/2, 0) -> 408368
A26: HERRAMIENTAS PARA ALBAÑIL | E26: UNIDAD: Un
A27: DESCRIPCIÓN | B27: UNIDAD | C27: CANT/ REND | D27: PRECIO UNITARIO | E27: VR PARCIAL
A28: EQUIPO y HERRAMIENTAS:
A29: ='Insumos (4)'!B38 -> ALMADANA 4 lb | B29: ='Insumos (4)'!C38 -> Un | C29: 1 | D29: ='Insumos (4)'!D38 -> 49789 | E29: =ROUND(C29*D29, 2) -> 49789
A30: ='Insumos (4)'!B44 -> CINCEL 3/4" ACERO TEMPLADO | B30: ='Insumos (4)'!C44 -> Un | C30: 1 | D30: ='Insumos (4)'!D44 -> 30778 | E30: =ROUND(C30*D30, 2) -> 30778
A31: ='Insumos (4)'!B60 -> PALUSTRE | B31: ='Insumos (4)'!C60 -> Un | C31: 1 | D31: ='Insumos (4)'!D60 -> 14352 | E31: =ROUND(C31*D31, 2) -> 14352
A32: ='Insumos (4)'!B45 -> CINTA MÉTRICA x 5 m | B32: ='Insumos (4)'!C45 -> Un | C32: 1 | D32: ='Insumos (4)'!D45 -> 19547 | E32: =ROUND(C32*D32, 2) -> 19547
A33: ='Insumos (4)'!B57 -> NIVEL DE BURBUJA | B33: ='Insumos (4)'!C57 -> Un | C33: 1 | D33: ='Insumos (4)'!D57 -> 45275 | E33: =ROUND(C33*D33, 2) -> 45275
A34: ='Insumos (4)'!B52 -> MANGUERA DE NIVEL x 10 m | B34: ='Insumos (4)'!C52 -> Un | C34: 1 | D34: ='Insumos (4)'!D52 -> 5037 | E34: =ROUND(C34*D34, 2) -> 5037
A35: ='Insumos (4)'!B61 -> PLOMADA | B35: ='Insumos (4)'!C61 -> Un | C35: 1 | D35: ='Insumos (4)'!D61 -> 19048 | E35: =ROUND(C35*D35, 2) -> 19048
A36: ='Insumos (4)'!B54 -> MARCO SEGUETA FIJO | B36: ='Insumos (4)'!C54 -> Un | C36: 1 | D36: ='Insumos (4)'!D54 -> 30470 | E36: =ROUND(C36*D36, 2) -> 30470
A37: ='Insumos (4)'!B64 -> SERRUCHO | B37: ='Insumos (4)'!C64 -> Un | C37: 1 | D37: ='Insumos (4)'!D64 -> 38288 | E37: =ROUND(C37*D37, 2) -> 38288
A38: ='Insumos (4)'!B55 -> MARTILLO | B38: ='Insumos (4)'!C55 -> Un | C38: 1 | D38: ='Insumos (4)'!D55 -> 35658 | E38: =ROUND(C38*D38, 2) -> 35658
A39: ='Insumos (4)'!B51 -> LIMA PLANA PARA USO GENERAL CON MANGO 8" | B39: ='Insumos (4)'!C51 -> Un | C39: 1 | D39: ='Insumos (4)'!D51 -> 22886 | E39: =ROUND(C39*D39, 2) -> 22886
D40: Subtotal = | E40: =SUM(E29:E39) -> 311128
D42: VR UNITARIO = | E42: =ROUND(SUM(E28:E40)/2, 0) -> 311128
A45: DOTACIÓN LABORAL | E45: UNIDAD: Un
A46: DESCRIPCIÓN | B46: UNIDAD | C46: CANT/ REND | D46: PRECIO UNITARIO | E46: VR PARCIAL
A47: VESTIDO:
A48: ='Insumos (4)'!B26 -> PANTALÓN DE TRABAJO | B48: ='Insumos (4)'!C26 -> Un | C48: 1 | D48: ='Insumos (4)'!D26 -> 54013 | E48: =ROUND(C48*D48, 2) -> 54013
A49: ='Insumos (4)'!B12 -> CAMISA DE TRABAJO | B49: ='Insumos (4)'!C12 -> Un | C49: 1 | D49: ='Insumos (4)'!D12 -> 23485 | E49: =ROUND(C49*D49, 2) -> 23485
D50: Subtotal = | E50: =SUM(E48:E49) -> 77498
A51: ZAPATOS:
A52: ='Insumos (4)'!B11 -> BOTAS DE SEGURIDAD | B52: ='Insumos (4)'!C11 -> Par | C52: 1 | D52: ='Insumos (4)'!D11 -> 95658 | E52: =ROUND(C52*D52, 2) -> 95658
D53: Subtotal = | E53: =SUM(E52:E52) -> 95658
D55: VR UNITARIO = | E55: =ROUND(SUM(E47:E53)/2, 0) -> 173156
A58: SEGURIDAD INDUSTRIAL | E58: UNIDAD: Un
A59: DESCRIPCIÓN | B59: UNIDAD | C59: CANT/ REND | D59: PRECIO UNITARIO | E59: VR PARCIAL
A60: ELEMENTOS DE PROTECCIÓN PERSONAL (EPP):
A61: ='Insumos (4)'!B15 -> CHALECO REFLECTIVO | B61: ='Insumos (4)'!C15 -> Un | C61: 1 | D61: ='Insumos (4)'!D15 -> 30353 | E61: =ROUND(C61*D61, 2) -> 30353
A62: ='Insumos (4)'!B13 -> CASCO DE SEGURIDAD | B62: ='Insumos (4)'!C13 -> Un | C62: 1 | D62: ='Insumos (4)'!D13 -> 36743 | E62: =ROUND(C62*D62, 2) -> 36743
A63: ='Insumos (4)'!B30 -> TAPABOCAS | B63: ='Insumos (4)'!C30 -> Un | C63: 1 | D63: ='Insumos (4)'!D30 -> 380 | E63: =ROUND(C63*D63, 2) -> 380
A64: ='Insumos (4)'!B31 -> TAPÓN PARA OIDO | B64: ='Insumos (4)'!C31 -> Un | C64: 1 | D64: ='Insumos (4)'!D31 -> 2279 | E64: =ROUND(C64*D64, 2) -> 2279
A65: ='Insumos (4)'!B18 -> GAFAS DE SEGURIDAD | B65: ='Insumos (4)'!C18 -> Un | C65: 1 | D65: ='Insumos (4)'!D18 -> 7439 | E65: =ROUND(C65*D65, 2) -> 7439
A66: ='Insumos (4)'!B21 -> GUANTES VAQUETA | B66: ='Insumos (4)'!C21 -> Par | C66: 1 | D66: ='Insumos (4)'!D21 -> 11772 | E66: =ROUND(C66*D66, 2) -> 11772
D67: Subtotal = | E67: =SUM(E61:E66) -> 88966
D69: VR UNITARIO = | E69: =ROUND(SUM(E60:E67)/2, 0) -> 88966
A72: AYUDANTE (Incl. prestaciones) | E72: UNIDAD: Día
A73: DESCRIPCIÓN | B73: UNIDAD | C73: CANT/ REND | D73: PRECIO UNITARIO | E73: VR PARCIAL
A74: ='Insumos (4)'!B72 -> AYUDANTE | B74: ='Insumos (4)'!C72 -> Mes | C74: 0.033333 | D74: ='Insumos (4)'!D72 -> 1300000 | E74: =ROUND(C74*D74, 2) -> 43332.9
A75: ='Insumos (4)'!B71 -> AUXILIO DE TRANSPORTE | B75: ='Insumos (4)'!C71 -> Mes | C75: 0.033333 | D75: ='Insumos (4)'!D71 -> 162000 | E75: =ROUND(C75*D75, 2) -> 5399.95
D76: Subtotal = | E76: =SUM(E74:E75) -> 48732.85
A77: SEGURIDAD SOCIAL:
A78: SALUD | B78: %S | C78: 12.5 | D78: =E74 -> 43332.9 | E78: =ROUND(C78*D78/100, 2) -> 5416.61
A79: PENSIÓN | B79: %S | C79: 16 | D79: =E74 -> 43332.9 | E79: =ROUND(C79*D79/100, 2) -> 6933.26
A80: RIESGOS PROFESIONALES | B80: %S | C80: 6.96 | D80: =E74 -> 43332.9 | E80: =ROUND(C80*D80/100, 2) -> 3015.97
D81: Subtotal = | E81: =SUM(E78:E80) -> 15365.84
A82: PRESTACIONES SOCIALES:
A83: CESANTÍAS | B83: % | C83: 8.3333 | D83: =E74+E75 -> 48732.85 | E83: =ROUND(C83*D83/100, 2) -> 4061.05
A84: INTERESES DE CESANTÍAS | B84: % | C84: 0.0333 | D84: =E83 -> 4061.05 | E84: =ROUND(C84*D84/100, 2) -> 1.35
A85: VACACIONES | B85: % | C85: 4.1667 | D85: =E74 -> 43332.9 | E85: =ROUND(C85*D85/100, 2) -> 1805.55
A86: PRIMA LEGAL | B86: % | C86: 8.3333 | D86: =E74+E75 -> 48732.85 | E86: =ROUND(C86*D86/100, 2) -> 4061.05
D87: Subtotal = | E87: =SUM(E83:E86) -> 9929
A88: APORTES PARAFISCALES:
A89: CAJA DE COMPENSACIÓN FAMILIAR | B89: %S | C89: 4 | D89: =E74 -> 43332.9 | E89: =ROUND(C89*D89/100, 2) -> 1733.32
A90: ICBF | B90: %S | C90: 3 | D90: =E74 -> 43332.9 | E90: =ROUND(C90*D90/100, 2) -> 1299.99
A91: SENA | B91: %S | C91: 2 | D91: =E74 -> 43332.9 | E91: =ROUND(C91*D91/100, 2) -> 866.66
A92: FIC (Fondo Nacional de Formación Profesional de la Industria de la Construcción) | B92: %S | C92: 2.5 | D92: =E74 -> 43332.9 | E92: =ROUND(C92*D92/100, 2) -> 1083.32
D93: Subtotal = | E93: =SUM(E89:E92) -> 4983.29
A94: OTROS:
A95: DOTACIÓN LABORAL | B95: Un | C95: 0.008333 | D95: =E55 -> 173156 | E95: =ROUND(C95*D95, 2) -> 1442.91
A96: SEGURIDAD INDUSTRIAL | B96: Un | C96: 0.008333 | D96: =E69 -> 88966 | E96: =ROUND(C96*D96, 2) -> 741.35
D97: Subtotal = | E97: =SUM(E95:E96) -> 2184.26
D99: VR UNITARIO = | E99: =ROUND(SUM(E74:E97)/2, 0) -> 81195
D101: TOTAL % P = | E101: =E99/E74-1 -> 0.87374951
A104: OFICIAL (Incl. prestaciones) | E104: UNIDAD: Día
A105: DESCRIPCIÓN | B105: UNIDAD | C105: CANT/ REND | D105: PRECIO UNITARIO | E105: VR PARCIAL
A106: ='Insumos (4)'!B73 -> OFICIAL | B106: ='Insumos (4)'!C73 -> Mes | C106: 0.033333 | D106: ='Insumos (4)'!D73 -> 1880539 | E106: =ROUND(C106*D106, 2) -> 62684.01
A107: ='Insumos (4)'!B71 -> AUXILIO DE TRANSPORTE | B107: ='Insumos (4)'!C71 -> Mes | C107: 0.033333 | D107: ='Insumos (4)'!D71 -> 162000 | E107: =ROUND(C107*D107, 2) -> 5399.95
D108: Subtotal = | E108: =SUM(E106:E107) -> 68083.96
A109: SEGURIDAD SOCIAL:
A110: SALUD | B110: %S | C110: 12.5 | D110: =E106 -> 62684.01 | E110: =ROUND(C110*D110/100, 2) -> 7835.5
A111: PENSIÓN | B111: %S | C111: 16 | D111: =E106 -> 62684.01 | E111: =ROUND(C111*D111/100, 2) -> 10029.44
A112: RIESGOS PROFESIONALES | B112: %S | C112: 6.96 | D112: =E106 -> 62684.01 | E112: =ROUND(C112*D112/100, 2) -> 4362.81
D113: Subtotal = | E113: =SUM(E110:E112) -> 22227.75
A114: PRESTACIONES SOCIALES:
A115: CESANTÍAS | B115: % | C115: 8.3333 | D115: =E106+E107 -> 68083.96 | E115: =ROUND(C115*D115/100, 2) -> 5673.64
A116: INTERESES DE CESANTÍAS | B116: % | C116: 0.0333 | D116: =E115 -> 5673.64 | E116: =ROUND(C116*D116/100, 2) -> 1.89
A117: VACACIONES | B117: % | C117: 4.1667 | D117: =E106 -> 62684.01 | E117: =ROUND(C117*D117/100, 2) -> 2611.85
A118: PRIMA LEGAL | B118: % | C118: 8.3333 | D118: =E106+E107 -> 68083.96 | E118: =ROUND(C118*D118/100, 2) -> 5673.64
D119: Subtotal = | E119: =SUM(E115:E118) -> 13961.02
A120: APORTES PARAFISCALES:
A121: CAJA DE COMPENSACIÓN FAMILIAR | B121: %S | C121: 4 | D121: =E106 -> 62684.01 | E121: =ROUND(C121*D121/100, 2) -> 2507.36
...

Sheet Insumos (4)
A3: MATERIALES, EQUIPO y HERRAMIENTAS, JORNALES
B4: DESCRIPCIÓN | C4: UNIDAD | D4: PRECIO UNITARIO
B5: ACPM | C5: Gal | D5: 9700
B6: AGUA | C6: Lt | D6: 70
B7: ARENA | C7: m3 | D7: 99404
B8: BASE GRANULAR | C8: m3 | D8: 130484
B9: BOLSAS PLÁSTICAS | C9: Un | D9: 2800
B10: BORDILLO PREFABRICADO 80x20x35 | C10: Un | D10: 55105
B11: BOTAS DE SEGURIDAD | C11: Par | D11: 95658
B12: CAMISA DE TRABAJO | C12: Un | D12: 23485
B13: CASCO DE SEGURIDAD | C13: Un | D13: 36743
B14: CEMENTO GRIS | C14: Kg | D14: 699
B15: CHALECO REFLECTIVO | C15: Un | D15: 30353
B16: CINTA DE SEÑALIZACIÓN a=7 cm | C16: m | D16: 174
... B75: TARIFA ESCOMBRERA AUTORIZADA | C75: m3 | D75: 4343

Sheet G_Obra (4)
A3: GENERADORES DE OBRA
A4: 1.01 Excavación en tierra seca h= 0-2 m | I4: UNIDAD: m3
A5: OBSERVACIONES | B5: NIVEL | C5: EJE | D5: TRAMO | E5: TIPO | F5: LARGO | G5: ANCHO | H5: ALTO | I5: PIEZAS | J5: CANTIDAD
I6: 23.1 | J6: =I6 -> 23.1
I8: TOTAL = | J8: =ROUND(SUM(J6:J6),2) -> 23.1
A11: 1.02 Cargue manual y retiro de tierra | I11: UNIDAD: m3
A12: OBSERVACIONES | B12: NIVEL | C12: EJE | D12: TRAMO | E12: TIPO | F12: LARGO | G12: ANCHO | H12: ALTO | I12: PIEZAS | J12: CANTIDAD
I13: 30.03 | J13: =I13 -> 30.03
I15: TOTAL = | J15: =ROUND(SUM(J13:J13),2) -> 30.03
A18: 2.01 Banca en concreto prefabricada | I18: UNIDAD: Un
A19: OBSERVACIONES | B19: NIVEL | C19: EJE | D19: TRAMO | E19: TIPO | F19: LARGO | G19: ANCHO | H19: ALTO | I19: PIEZAS | J19: CANTIDAD
I20: 3 | J20: =I20 -> 3
I22: TOTAL = | J22: =ROUND(SUM(J20:J20),2) -> 3
A25: 2.02 Base granular tipo Invías | I25: UNIDAD: m3
A26: OBSERVACIONES | B26: NIVEL | C26: EJE | D26: TRAMO | E26: TIPO | F26: LARGO | G26: ANCHO | H26: ALTO | I26: PIEZAS | J26: CANTIDAD
I27: 11.5 | J27: =I27 -> 11.5
I29: TOTAL = | J29: =ROUND(SUM(J27:J27),2) -> 11.5
A32: 2.03 Andén en concreto de 20.7 MPa e= 0.10 m | I32: UNIDAD: m2
A33: OBSERVACIONES | B33: NIVEL | C33: EJE | D33: TRAMO | E33: TIPO | F33: LARGO | G33: ANCHO | H33: ALTO | I33: PIEZAS | J33: CANTIDAD
I34: 115.5 | J34: =I34 -> 115.5
I36: TOTAL = | J36: =ROUND(SUM(J34:J34),2) -> 115.5
A39: 2.04 Bordillo prefabricado en concreto | I39: UNIDAD: m
A40: OBSERVACIONES | B40: NIVEL | C40: EJE | D40: TRAMO | E40: TIPO | F40: LARGO | G40: ANCHO | H40: ALTO | I40: PIEZAS | J40: CANTIDAD
F41: 77 | J41: =F41 -> 77
I43: TOTAL = | J43: =ROUND(SUM(J41:J41),2) -> 77
A46: 2.05 Loseta táctil guía 6x20x20 cm | I46: UNIDAD: m
A47: OBSERVACIONES | B47: NIVEL | C47: EJE | D47: TRAMO | E47: TIPO | F47: LARGO | G47: ANCHO | H47: ALTO | I47: PIEZAS | J47: CANTIDAD
F48: 77 | J48: =F48 -> 77
I50: TOTAL = | J50: =ROUND(SUM(J48:J48),2) -> 77
A53: 2.06 Loseta táctil alerta 6x20x20 cm | I53: UNIDAD: m2
A54: OBSERVACIONES | B54: NIVEL | C54: EJE | D54: TRAMO | E54: TIPO | F54: LARGO | G54: ANCHO | H54: ALTO | I54: PIEZAS | J54: CANTIDAD
I55: 2.4 | J55: =I55 -> 2.4
I57: TOTAL = | J57: =ROUND(SUM(J55:J55),2) -> 2.4
A60: 3.01 sumnistro y siembra de flores | I60: UNIDAD: Un
A61: OBSERVACIONES | B61: NIVEL | C61: EJE | D61: TRAMO | E61: TIPO | F61: LARGO | G61: ANCHO | H61: ALTO | I61: PIEZAS | J61: CANTIDAD
I62: 300 | J62: =I62 -> 300
I64: TOTAL = | J64: =ROUND(SUM(J62:J62),2) -> 300
A67: 3.02 sumnistro y siembra de guayacan 1,50 | I67: UNIDAD: Un
A68: OBSERVACIONES | B68: NIVEL | C68: EJE | D68: TRAMO | E68: TIPO | F68: LARGO | G68: ANCHO | H68: ALTO | I68: PIEZAS | J68: CANTIDAD
I69: 3 | J69: =I69 -> 3
I71: TOTAL = | J71: =ROUND(SUM(J69:J69),2) -> 3
A74: 4.01 Basurero para mascotas, incluye bolsas | I74: UNIDAD: Un
A75: OBSERVACIONES | B75: NIVEL | C75: EJE | D75: TRAMO | E75: TIPO | F75: LARGO | G75: ANCHO | H75: ALTO | I75: PIEZAS | J75: CANTIDAD
I76: 1 | J76: =I76 -> 1
I78: TOTAL = | J78: =ROUND(SUM(J76:J76),2) -> 1

Sheet Administracion
A2: LA CEJA DEL TAMBO
A3: COSTOS DE ADMINISTRACIÓN
A4: ÍTEM | B4: DESCRIPCIÓN | C4: UNIDAD | D4: CANTIDAD | E4: VR UNITARIO | F4: VR PARCIAL | G4: VALOR 6 PARQUES | H4: RENDIMIENTO REAL 6 PARQUES | I4: VALOR REAL 6 PARQUES | J4: RENDIMINETO REAL POR PARQUE | K4: VALOR REAL POR PARQUE | L4: COMPARATIVA POR PARQUE
A5: 1 | B5: PERSONAL CONTRATACION DIRECTA | F5: =SUM(F6:F8) -> 6675000 | G5: =F5*6 -> 40050000 | I5: =SUM(I6:I8) -> 18700000 | K5: =I5/6 -> 3116666.7 | L5: =K5/F5 -> 0.46691635
A6: 1.01 | B6: INGENIERO DIRECTOR DE OBRA (Incl. prestaciones) | C6: Mes | D6: 0.25 | E6: 4700000 | F6: =+D6*E6 -> 1175000 | G6: =F6*6 -> 7050000 | H6: 1 | I6: =H6*E6 -> 4700000 | J6: =H6/6 -> 0.16666667 | K6: =J6*E6 -> 783333.33 | L6: =K6/F6 -> 0.66666667
A7: 1.02 | B7: INGENIERO RESIDENTE (Incl. prestaciones) | C7: Mes | D7: 1 | E7: 3000000 | F7: =+D7*E7 -> 3000000 | G7: =F7*6 -> 18000000 | H7: 3 | I7: =H7*E7 -> 9000000 | J7: =H7/6 -> 0.5 | K7: =J7*E7 -> 1500000 | L7: =K7/F7 -> 0.5
A8: 1.03 | B8: TECNÓLOGO SISO (Incl. prestaciones) | C8: Mes | D8: 1 | E8: 2500000 | F8: =+D8*E8 -> 2500000 | G8: =F8*6 -> 15000000 | H8: 2 | I8: =H8*E8 -> 5000000 | J8: =H8/6 -> 0.33333333 | K8: =J8*E8 -> 833333.33 | L8: =K8/F8 -> 0.33333333
G9: =F9*6 -> 0 | I9: 0 | K9: =J9*E9 -> 0
A10: 2 | B10: GASTOS DE DESPLAZAMIENTO PERSONAL PROFESIONAL T TECNICO | F10: =SUM(F11) -> 0 | G10: =F10*6 -> 0 | I10: =SUM(I11) -> 0 | K10: =I10/6 -> 0
A11: 2.01 | B11: Transporte terrestre para personal profesional y técnico | C11: Mes | D11: 0 | F11: =+D11*E11 -> 0 | G11: =F11*6 -> 0 | H11: 0 | I11: 0 | J11: =H11/6 -> 0 | K11: =J11*E11 -> 0
G12: =F12*6 -> 0 | I12: 0 | K12: =J12*E12 -> 0
A13: 3 | B13: INTALACIONES PROVISIONALES | F13: =SUM(F14:F16) -> 600000 | G13: =F13*6 -> 3600000 | I13: =SUM(I14:I16) -> 1200000 | K13: =I13/6 -> 200000 | L13: =K13/F13 -> 0.33333333
A14: 3.01 | B14: Bodega de almacenamiento cemento, patio de materiales de playa, planta de mezclas, acopio acero y demás adecuaciones provisionales para el perfecto funcionamiento de la obra | C14: Mes | D14: 0 | F14: =+D14*E14 -> 0 | G14: =F14*6 -> 0 | H14: 0 | I14: =H14*E14 -> 0 | J14: =H14/6 -> 0 | K14: =J14*E14 -> 0
A15: 3.02 | B15: Almacén de materiales, oficinas (incluye redes de servicios públicos y demás estructuras y servicios para su perfecto funcionamiento) | C15: Mes | D15: 1 | E15: 500000 | F15: =+D15*E15 -> 500000 | G15: =F15*6 -> 3000000 | H15: 2 | I15: =H15*E15 -> 1000000 | J15: =H15/6 -> 0.33333333 | K15: =J15*E15 -> 166666.67 | L15: =K15/F15 -> 0.33333333
A16: 3.03 | B16: Servicios públicos y provisionales | C16: Mes | D16: 1 | E16: 100000 | F16: =+D16*E16 -> 100000 | G16: =F16*6 -> 600000 | H16: 2 | I16: =H16*E16 -> 200000 | J16: =H16/6 -> 0.33333333 | K16: =J16*E16 -> 33333.333 | L16: =K16/F16 -> 0.33333333
G17: =F17*6 -> 0 | I17: =H17*E17 -> 0 | K17: =J17*E17 -> 0
A18: 4 | B18: PAPELERIA Y EQUIPOS DE OFICINA | F18: =SUM(F19:F19) -> 150000 | G18: =F18*6 -> 900000 | I18: =SUM(I19:I19) -> 150000 | K18: =I18/6 -> 25000 | L18: =K18/F18 -> 0.16666667
A19: 4.01 | B19: Alquiler de equipo de oficina, incluye muebles y enseres, computador, impresora, fax | C19: Mes | D19: 1 | E19: 150000 | F19: =+D19*E19 -> 150000 | G19: =F19*6 -> 900000 | H19: 1 | I19: =H19*E19 -> 150000 | J19: =H19/6 -> 0.16666667 | K19: =J19*E19 -> 25000 | L19: =K19/F19 -> 0.16666667
G20: =F20*6 -> 0 | I20: =H20*E20 -> 0 | K20: =J20*E20 -> 0
A21: 5 | B21: LABORATORIO | F21: =SUM(F22) -> 0 | G21: =F21*6 -> 0 | I21: =SUM(I22) -> 0 | K21: =I21/6 -> 0
A22: 5.01 | B22: Ensayos de laboratorio (incluye diseño de mezclas para concreto, fallo de cilindros de concreto, ensayo de proctor modificado, toma de densidades de campo, ensayos de resistencia al acero de refuerzo y estructuras metálicas) | C22: Mes | D22: 0 | F22: =+D22*E22 -> 0 | G22: =F22*6 -> 0 | H22: 0 | I22: =H22*E22 -> 0 | J22: =H22/6 -> 0 | K22: =J22*E22 -> 0
G23: =F23*6 -> 0 | I23: =H23*E23 -> 0 | K23: =J23*E23 -> 0
A24: 6 | B24: OTRO | F24: =SUM(F25:F26) -> 156476.38 | G24: =F24*6 -> 938858.25 | I24: =SUM(I25:I26) -> 938858.25 | K24: =I24/6 -> 156476.38 | L24: =K24/F24 -> 1
A25: 6.01 | B25: vaya con estructura | C25: un | D25: 0 | F25: =+D25*E25 -> 0 | G25: =F25*6 -> 0 | H25: 0 | I25: =H25*E25 -> 0 | J25: =H25/6 -> 0 | K25: =J25*E25 -> 0
A26: 6.02 | B26: Polizas | C26: glb | D26: 1 | E26: 156476.38 | F26: =+D26*E26 -> 156476.38 | G26: =F26*6 -> 938858.25 | H26: 6 | I26: =H26*E26 -> 938858.25 | J26: =H26/6 -> 1 | K26: =J26*E26 -> 156476.38 | L26: =K26/F26 -> 1
G27: =F27*6 -> 0 | H27: 0 | I27: =H27*E27 -> 0 | K27: =J27*E27 -> 0
A28: 7 | B28: ESTAMPILLAS | F28: =SUM(F29:F35) -> 26879780 | G28: =F28*6 -> 1.6127868e+08 | I28: =SUM(I29:I35) -> 1.6127868e+08 | K28: =I28/6 -> 26879780 | L28: =K28/F28 -> 1
A29: 7.01 | B29: Estampilla Prouniversidad | C29: % | D29: 0.005 | E29: ='RESUMEN '!$M$13 -> 1.7919853e+08 | F29: =+D29*E29 -> 895992.66 | G29: =F29*6 -> 5375956 | H29: =D29*6 -> 0.03 | I29: =H29*E29 -> 5375956 | J29: =H29/6 -> 0.005 | K29: =J29*E29 -> 895992.66 | L29: =K29/F29 -> 1
A30: 7.02 | B30: Estampilla Procultura | C30: % | D30: 0.01 | E30: ='RESUMEN '!$M$13 -> 1.7919853e+08 | F30: =+D30*E30 -> 1791985.3 | G30: =F30*6 -> 10751912 | H30: =D30*6 -> 0.06 | I30: =H30*E30 -> 10751912 | J30: =H30/6 -> 0.01 | K30: =J30*E30 -> 1791985.3 | L30: =K30/F30 -> 1
A31: 7.03 | B31: Estampilla prohospital | C31: % | D31: 0.01 | E31: ='RESUMEN '!$M$13 -> 1.7919853e+08 | F31: =+D31*E31 -> 1791985.3 | G31: =F31*6 -> 10751912 | H31: =D31*6 -> 0.06 | I31: =H31*E31 -> 10751912 | J31: =H31/6 -> 0.01 | K31: =J31*E31 -> 1791985.3 | L31: =K31/F31 -> 1
A32: 7.04 | B32: Estampilla Proadulto mayor | C32: % | D32: 0.03 | E32: ='RESUMEN '!$M$13 -> 1.7919853e+08 | F32: =+D32*E32 -> 5375956 | G32: =F32*6 -> 32255736 | H32: =D32*6 -> 0.18 | I32: =H32*E32 -> 32255736 | J32: =H32/6 -> 0.03 | K32: =J32*E32 -> 5375956 | L32: =K32/F32 -> 1
A33: 7.05 | B33: Estampilla de justicia familiar | C33: % | D33: 0.02 | E33: ='RESUMEN '!$M$13 -> 1.7919853e+08 | F33: =+D33*E33 -> 3583970.6 | G33: =F33*6 -> 21503824 | H33: =D33*6 -> 0.12 | I33: =H33*E33 -> 21503824 | J33: =H33/6 -> 0.02 | K33: =J33*E33 -> 3583970.6 | L33: =K33/F33 -> 1
A34: 7.06 | B34: Estampilla prodeportes | C34: % | D34: 0.025 | E34: ='RESUMEN '!$M$13 -> 1.7919853e+08 | F34: =+D34*E34 -> 4479963.3 | G34: =F34*6 -> 26879780 | H34: =D34*6 -> 0.15 | I34: =H34*E34 -> 26879780 | J34: =H34/6 -> 0.025 | K34: =J34*E34 -> 4479963.3 | L34: =K34/F34 -> 1
A35: 7.07 | B35: Estampilla impuesto de seguridad | C35: % | D35: 0.05 | E35: ='RESUMEN '!$M$13 -> 1.7919853e+08 | F35: =+D35*E35 -> 8959926.6 | G35: =F35*6 -> 53759560 | H35: =D35*6 -> 0.3 | I35: =H35*E35 -> 53759560 | J35: =H35/6 -> 0.05 | K35: =J35*E35 -> 8959926.6 | L35: =K35/F35 -> 1
G36: =F36*6 -> 0 | I36: =H36*E36 -> 0 | K36: =J36*E36 -> 0
B37: ADMINISTRACIÓN | E37: =F37/'RESUMEN '!$M$11 -> 0.25 | F37: =+SUM(F5:F35)/2 -> 34461256 | G37: =F37*6 -> 2.0676754e+08 | I37: =+SUM(I5:I35)/2 -> 1.8226754e+08 | K37: =+SUM(K5:K35)/2 -> 30377923 | L37: =K37/F37 -> 0.88150945
B38: UTILIDAD | E38: 0.05 | F38: ='RESUMEN '!$M$11*0.05 -> 6892251.2 | G38: =F38*6 -> 41353508 | I38: =(G39-I37) -> 65853508 | K38: =I38/6 -> 10975585 | L38: =K38/F38 -> 1.5924528
B39: A+U | E39: =E37+E38 -> 0.3 | F39: =F37+F38 -> 41353508 | G39: =F39*6 -> 248121045 | I39: =I37+I38 -> 248121045 | K39: =I39/6 -> 41353508 | L39: =K39/F39 -> 1

Sheet RESUMEN 
B3: RESUMEN TOTAL
B6: VILLAS DE LA CRUZ | C6: =+'VILLAS DE LA CRUZ'!G34 -> 30507086 | K6: VILLAS DE LA CRUZ | L6: ='VILLAS DE LA CRUZ'!G40 -> 42018935 | M6: ='VILLAS DE LA CRUZ'!G34 -> 30507086 | N6: =+M6*1.3 -> 39659212
B7: SAN CAYETANO | C7: =+'SAN CAYETANO'!G29 -> 37463594 | G7: 42018934 | K7: SAN CAYETANO | L7: ='SAN CAYETANO'!G35 -> 51600482 | M7: ='SAN CAYETANO'!G29 -> 37463594
B8: LEO MAZARO | C8: =+'LEO MAZARO'!G28 -> 35041160 | K8: LEO MAZARO | L8: ='LEO MAZARO'!G34 -> 48263942 | M8: ='LEO MAZARO'!G28 -> 35041160
B9: CALLE 16 | C9: =+'CALLE 16 '!G24 -> 34833185 | K9: CALLE 16 | L9: ='CALLE 16 '!G30 -> 47977487 | M9: ='CALLE 16 '!G24 -> 34833185
B11: COSTO DIRECTO | C11: =SUM(C6:C10) -> 137845025 | L11: =SUM(L4:L10) -> 1.8986085e+08 | M11: =SUM(M6:M9) -> 137845025 | N11: =M11*0.25 -> 34461256 | O11: 340046525
N12: =M11*0.05 -> 6892251.2
B13: ADMINISTRACIÓN (25%) = | C13: =C11*0.25 -> 34461256 | M13: =M11+N11+N12 -> 1.7919853e+08
B14: UTILIDAD (5%) = | C14: =C11*0.05 -> 6892251.2
B15: VALOR TOTAL = | C15: =SUM(C11:C14) -> 1.7919853e+08 | M15: TOTAL COSTOS DIRECTOS = | N15: =SUM(M6:M9) -> 137845025
B16: HONORARIOS ENDUCE(5%) = | C16: =C15*0.05 -> 8959926.6 | M16: ADMINISTRACIÓN (25%) = | N16: =ROUND(N15*25/100, 0) -> 34461256 | P16: =N16+N17 -> 41353507
B17: IVA HONORARIOS (5%) = | C17: =C16*19% -> 1702386.1 | M17: UTILIDAD (5%) = | N17: =ROUND(N15*5/100, 0) -> 6892251
B18: TOTAL | C18: =C15+C16+C17 -> 1.8986085e+08 | M18: VALOR TOTAL = | N18: =SUM(N15:N17) -> 179198532
M19: HONORARIOS EMDUCE 5% | N19: =N18*0.05 -> 8959926.6
C20: =C18-440000000 -> -2.5013915e+08 | M20: IVA HONORARIOS | N20: =N19*0.19 -> 1702386.1
M21: TOTAL DEL PROYECTO | N21: =N18+N19+N20 -> 1.8986084e+08
